 Dungeon Crawl Stone Soup version 0.29.1 (webtiles) character file.

Game seed: 1736603436544171280

191825 qw the Severer (level 18, -9/120 HPs)
             Began as a Gargoyle Fighter on Sept 13, 2022.
             Was an Elder of Okawaru.
             Constricted to death by a shambling mangrove (19 damage)
             ... on level 4 of the Swamp.
             The game lasted 00:15:45 (37900 turns).

qw the Severer (Gargoyle Fighter)                  Turns: 37900, Time: 00:15:45

Health: -9/120     AC: 46    Str: 32    XL:     18   Next: 66%
Magic:  25/25      EV: 10    Int: 11    God:    Okawaru [****..]
Gold:   1538       SH: 20    Dex: 15    Spells: 17/17 levels left

rFire   + . .      SeeInvis .   G - +12 war axe of Seicud {vorpal, Will+ Str+4}
rCold   + . .      Faith    .   u - +0 kite shield
rNeg    + . .      Spirit   .   D - +0 plate armour
rPois   inf        Reflect  +   n - +2 helmet
rElec   +          Harm     .   w - scarf {rC+ rF+}
rCorr   .          Rampage  .   l - +2 pair of gloves
Will    ++...                   m - +1 pair of boots
Stlth   ..........              b - amulet of reflection
HPRegen 0.30/turn               C - +4 ring of protection
MPRegen 0.19/turn               o - ring "Rureg" {*Corrode rElec Str+2 Dex+6}

@: about to teleport, heroic, grasped by roots, flying, constricted
A: sickness immunity, AC +13, big wings, negative energy resistance 1,
electricity resistance, torment resistance 1, petrification resistance
a: Renounce Religion, Heroism, Finesse


You were on level 4 of the Swamp.
You worshipped Okawaru.
Okawaru was greatly pleased with you.
You visited 6 branches of the dungeon, and saw 30 of its levels.
You visited the Abyss 1 time.
You also visited: Gauntlet.

You collected 3750 gold pieces.
You spent 2212 gold pieces at shops.


Innate Abilities, Weirdness & Mutations

You are immune to sickness and miasma.
Your stone body is resilient. (AC +13)
You are immune to poison.
Your large and strong wings let you fly.
You resist negative energy. (rN+)
You are resistant to electric shocks. (rElec)
You are resistant to unholy torment.
You are immune to petrification.


   Skills:
 - Level 16.0(21.0) Fighting
 - Level 18.0(23.0) Axes
 - Level 8.5(13.5) Throwing
 + Level 14.2(19.2) Armour
 - Level 6.0(11.0) Dodging
 - Level 15.0(20.0) Shields
 - Level 10.0 Invocations


You had 17 spell levels left.
You didn't know any spells.
Your spell library was empty.

Inventory:

Hand Weapons
 r - the +8 broad axe of the Queen {vorpal, rPois}
   (You bought it in a shop on level 10 of the Dungeon)

   It inflicts extra damage upon your enemies.
   rPois:     It protects you from poison.
 G - the +12 war axe of Seicud (weapon) {vorpal, Will+ Str+4}
   (Okawaru gifted it to you on level 3 of the Spider Nest)

   It inflicts extra damage upon your enemies.
   Str:       It affects your strength (+4).
   Will:      It increases your willpower.
Missiles
 x - 6 boomerangs
 F - 6 javelins (quivered)
Armour
 e - the +1 cloak of the Fiddle {Rampage Dex+4}
   (Okawaru gifted it to you on level 12 of the Dungeon)

   Dex:       It affects your dexterity (+4).
   Rampage:   It bestows one free step when moving towards enemies.
 g - a +4 scale mail of cold resistance
 i - a +3 scale mail of fire resistance
 l - a +2 pair of gloves (worn)
 m - a +1 pair of boots (worn)
 n - a +2 helmet (worn)
 u - a +0 kite shield (worn)
 w - a scarf of resistance (worn)
 z - +0 acid dragon scales
 D - a +0 plate armour (worn)
Jewellery
 b - an amulet of reflection (around neck)
 o - the ring "Rureg" (right hand) {*Corrode rElec Str+2 Dex+6}
   (You acquired it on level 1 of the Dungeon)

   [ring of dexterity]

   Str:       It affects your strength (+2).
   Dex:       It affects your dexterity (+6).
   rElec:     It insulates you from electricity.
   *Corrode:  It may corrode you when you take damage.
 v - a ring of ice
 C - a +4 ring of protection (left hand)
Wands
 c - a wand of digging (16)
Scrolls
 a - 18 scrolls of identify
 h - 11 scrolls of teleportation
 p - 7 scrolls of fog
 s - 6 scrolls of enchant weapon
 y - 7 scrolls of blinking
Potions
 d - 11 potions of might
 f - a potion of heal wounds
 j - 7 potions of haste
 k - 13 potions of curing
 q - 3 potions of lignification
 t - 7 potions of mutation
 A - 2 potions of attraction
 B - 2 potions of magic
 E - 4 potions of resistance

Dungeon Overview and Level Annotations

Branches:
Dungeon (15/15)            Temple (1/1) D:4            Lair (5/5) D:11
  Swamp (4/4) Lair:2       Spider (3/4) Lair:3        Slime (0/5) Lair:5
    Orc (2/2) D:11            Elf (0/3) Orc:2        Vaults (0/5) D:14
 Depths (0/4) D:15        Gauntlet (visited)

Altars:
Ashenzari
Cheibriados
Dithmenos
Elyvilon
Fedhas
Gozag
Hepliaklqana
Kikubaaqudgha
Makhleb
Nemelex Xobeh
Okawaru
Qazlal
Ru
Sif Muna
Trog
Uskayaw
Vehumet
Wu Jian
Xom
Yredelemnul
Zin
The Shining One

Shops:
D:10 ([   Orc:1 ?   Orc:2 (:[*

Annotations:
D:2 1 runed translucent door, Crazy Yiuf
D:15 3 runed translucent doors, Uvinaotu's ghost, journeyman MiFi
Lair:3 1 runed translucent door
Orc:1 2 transporters, Rachuaq's ghost, adept GnSk


Message History

The briar patch is destroyed!
You are hit by a branch!
The thorn hunter fires a volley of thorns at you.
The volley of thorns hits you!
Roots burst forth from the earth!
The grasping roots grab you! The grasping roots constrict you.
The shambling mangrove hits the briar patch!
Trunks creak and shift.
You are hit by a branch!
The thorn hunter hits the briar patch.
The thorn hunter hits the briar patch!
The briar patch is destroyed!
The spriggan druid casts a spell at you.
Fedhas protects a plant from harm. x2
The stone arrow misses you. The grasping roots constrict you.
The thorn hunter fires a volley of thorns at you.
The volley of thorns hits you. A root smacks you from below!
The thorn hunter hits the briar patch! x2
The briar patch is destroyed!
The roots grasp on you weakens, but your attempt to escape fails.
Trunks creak and shift.
You are hit by a branch!
The grasping roots constrict you.
The thorn hunter fires a volley of thorns at you.
The volley of thorns hits you.
You escape the roots grasp.
A tree reaches out and hits you!
A thorn hunter comes into view.
The thorn hunter fires a volley of thorns at you.
The volley of thorns hits you!
Roots burst forth from the earth!
The grasping roots grab you! The grasping roots constrict you!
The shambling mangrove hits you!
37900 ||| READING 12 scrolls of teleportation.
As you read the scroll of teleportation, it crumbles to dust.
You feel strangely unstable.
You are hit by a branch!
The thorn hunter hits you but does no damage.
You block the thorn hunter's attack.
The shambling mangrove is struck by the briar patch's thorns.
The shambling mangrove hits the briar patch.
The grasping roots constrict you!!
You die...

7~[77~777~~~7
77777....[~7~~~~~
77.~~.......~~~~~7
7..(~~~ยค.~.77~~~77
###.).#7[[~~77~~~~
7#))#777%~~~77~77
#..~.# #7~~~.~.<.
#7~.7(~#7##.~~~~~~
7@PPP~..7 #7..~~~~
7PffPP~.~~~ 7#~~~~~
7.fiyPP~.~..#
7~.7.(
7(y~PP#.~7~.#
###777
7~.7~######~#
...7## 7f~~ ~.~.


You could see 2 thorn hunters, 2 shambling mangroves, a spriggan druid and 2
hornets.

Vanquished Creatures
  Arachne (Spider:2)
  A hellephant (Abyss:2)
  Mlioglotl (Swamp:2)
  Kirke (Lair:4)
  A thorn hunter (Swamp:4)
  Donald (Spider:2)
  An emperor scorpion (Spider:2)
  A fenstrider witch (Swamp:2)
  A ghost moth (Spider:3)
  A hydra zombie (Swamp:4)
  3 broodmothers
  4 ghouls
  2 vampire knights (Swamp:4)
  5 eleionomae
  2 entropy weavers
  A dire elephant (Lair:5)
  6 bunyips
  A minotaur (Gauntlet)
  Snorg (Lair:4)
  2 spark wasps
  Josephine (D:14)
  2 shambling mangroves
  A fire dragon (Lair:5)
  2 jorogumos (Spider:2)
  17 hydras
  5 boulder beetles
  An ogre mage (D:15)
  A ghost crab (Swamp:4)
  5 two-headed ogres
  2 vault guards (D:14)
  2 radroaches
  8 alligators
  6 death yaks (Lair:2)
  6 centaur warriors
  A death scarab (Spider:2)
  2 tengu warriors
  A thrashing horror (Abyss:2)
  Urug (D:10)
  5 skeletal warriors (D:12)
  A sun moth (Spider:1)
  Amaemon (D:9)
  5 pharaoh ants
  A death drake (Swamp:4)
  A goliath frog (Swamp:4)
  7 orb spiders
  5 steelbarb worms
  8 swamp dragons
  A bog body (Swamp:3)
  2 spriggan druids (Swamp:2)
  An orange crystal statue (Gauntlet)
  2 spectral hydras (Swamp:4)
  3 starcursed masses (Abyss:2)
  2 wizards (D:14)
  A wolf spider zombie (D:15)
  5 orc knights
  7 ugly things
  An orc sorcerer (Orc:2)
  A deep elf pyromancer (D:15)
  2 necromancers
  7 cyclopes
  13 wolf spiders
  2 manticores
  4 will-o-the-wisps
  2 moths of wrath (Spider:3)
  5 torpor snails
  13 elephants
  7 black mambas
  3 centaur skeletons (D:15)
  3 naga magi (D:15)
  9 cane toads
  2 orange demons
  A gargoyle (D:10)
  2 unseen horrors (D:12)
  3 rime drakes
  11 komodo dragons
  An ancient zyme (Abyss:2)
  2 demonic crawlers
  3 freezing wraiths
  4 trolls
  3 tengu conjurers
  A meliai (Lair:3)
  19 hornets
  10 polar bears
  8 tyrant leeches
  2 death drake zombies (Swamp:4)
  A bloated husk (Swamp:4)
  A large abomination (Abyss:2)
  28 tarantellas
  13 blink frogs
  7 raiju
  2 death drake skeletons (Swamp:4)
  5 dream sheep (Lair:3)
  22 slime creatures
  17 jumping spiders
  3 shadows
  16 culicivoras
  3 vampires
  12 spriggans
  4 basilisks
  9 wraiths
  Sigmund (D:3)
  55 yaks
  A chaos spawn (Gauntlet)
  7 hogs
  5 wyverns
  A small abomination (Abyss:2)
  20 humans
  2 steam dragons
  27 redbacks
  14 vampire mosquitoes
  Menkaure (D:5)
  A neqoxec (Gauntlet)
  12 hell hounds (Lair:5)
  14 swamp worms
  4 hydra simulacra (Swamp:4)
  9 wargs
  32 water moccasins
  5 acid dragons
  Duvessa (D:7)
  11 swamp drakes
  32 orc warriors
  3 sky beasts
  A swamp dragon zombie (Swamp:4)
  14 black bears
  An ice beast (D:8)
  10 ogres
  22 wolves
  A swamp dragon skeleton (Swamp:4)
  16 centaurs
  3 kobold brigands
  A phantom (D:5)
  12 bullfrogs
  4 necrophages
  3 earth elementals (Swamp:3)
  Dowan (D:7)
  17 killer bees
  3 electric eels
  2 howler monkeys (D:12)
  A vampire bat (D:3)
  A crimson imp (Abyss:2)
  14 orc priests
  A hound (D:6)
  A jelly (D:5)
  3 gnoll boudas
  7 iguanas
  Jessica (D:2)
  Natasha (thrice) (D:3)
  7 hell rats (Lair:1)
  17 orc wizards
  A boggart zombie (D:15)
  Terence (D:2)
  12 gnolls
  18 adders
  3 white imps
  An ufetubus (D:5)
  2 dart slugs
  68 orcs
  5 bat skeletons (D:3)
  11 endoplasms
  3 giant cockroaches
  6 goblins
  5 hobgoblins
  A quokka (D:3)
  4 ball pythons
  4 bats
  2 frilled lizards
  17 kobolds
  6 rats
  A briar patch (Swamp:4)
1042 creatures vanquished.

Vanquished Creatures (others)
  A bunyip (Swamp:3)
  4 bloated husks
  A vampire mosquito (Swamp:3)
  An iguana (Lair:5)
  7 briar patches (Swamp:4)
  2 bushes
  12 foxfires
  23 fungi
  73 plants
  2 starspawn tentacles (Abyss:2)
126 creatures vanquished.

Grand Total: 1168 creatures vanquished

Notes
Turn   | Place    | Note
-------+----------+-------------------------------------------
     0 | D:1      | qw the Gargoyle Fighter began the quest for the Orb.
     0 | D:1      | Reached XP level 1. HP: 14/14 MP: 1/1
     0 | D:1      | 0 ||| qw: Version: 0.1-a-119-g272c26d
     0 | D:1      | 0 ||| qw: Game counter: 11224
     0 | D:1      | 0 ||| qw: Always use a shield: true
     0 | D:1      | 0 ||| qw: God list: Okawaru
     0 | D:1      | 0 ||| qw: Allow faded altars: false
     0 | D:1      | 0 ||| qw: Do Orc after D:15 true
     0 | D:1      | 0 ||| qw: Do second Lair branch before Depths: true
     0 | D:1      | 0 ||| qw: Lair rune preference: random
     0 | D:1      | 0 ||| qw: Plans: Normal, Zot, God:TSO, Crypt, Tomb, Pan,
                  | Slime, Hells, Zig, Abyss, Orb
     0 | D:1      | 0 ||| PLANNING D:1-11
    73 | D:1      | Reached skill level 2 in Axes
   170 | D:1      | Reached XP level 2. HP: 19/19 MP: 2/2
   206 | D:1      | 206 ||| Stepping ~*~*~tactically~*~*~ (stealth).
   836 | D:1      | Reached skill level 3 in Axes
  1039 | D:1      | Reached XP level 3. HP: 22/23 MP: 3/3
  1268 | D:1      | 1268 ||| READING 2 scrolls labelled UCOPLO DOSEQU.
  1269 | D:1      | 1269 ||| READING scroll labelled DIVITOPIEG.
  1269 | D:1      | Identified a scroll of acquirement
  1269 | D:1      | 1269 ||| ACQUIRING ring "Rureg" {*Corrode rElec Str+2
                  | Dex+6}
  1269 | D:1      | Acquired the ring "Rureg" {*Corrode rElec Str+2 Dex+6}
  1271 | D:1      | 1271 ||| UPGRADING to ring "Rureg" {*Corrode rElec Str+2
                  | Dex+6}.
  1272 | D:1      | 1272 ||| READING scroll labelled QIS FIULUG.
  1273 | D:1      | 1273 ||| READING scroll labelled SARISO SIOQEE.
  1457 | D:2      | 1457 ||| Stepping ~*~*~tactically~*~*~ (hiding).
  1629 | D:2      | Found a runed translucent door.
  1630 | D:2      | Noticed Crazy Yiuf
  1666 | D:2      | Found a faded altar of an unknown god.
  1700 | D:2      | Noticed Jessica
  1701 | D:2      | 1701 ||| Stepping ~*~*~tactically~*~*~ (hiding).
  1708 | D:2      | Killed Jessica
  1709 | D:2      | Reached skill level 1 in Dodging
  1734 | D:2      | 1734 ||| FLEEEEING.
  1740 | D:2      | 1740 ||| FLEEEEING.
  1751 | D:2      | 1751 ||| FLEEEEING.
  1752 | D:2      | 1752 ||| FLEEEEING.
  1828 | D:2      | 1828 ||| DROPPING +0 club.
  1976 | D:2      | 1976 ||| Stepping ~*~*~tactically~*~*~ (stealth).
  2031 | D:2      | Noticed Terence
  2043 | D:2      | Killed Terence
  2044 | D:2      | Reached XP level 4. HP: 26/28 MP: 4/4
  2342 | D:2      | 2342 ||| UPGRADING to +3 scale mail of fire resistance.
  2352 | D:2      | 2352 ||| DROPPING +0 scale mail.
  2353 | D:2      | 2353 ||| READING scroll labelled WEPHAISHROE.
  2391 | D:2      | 2391 ||| READING 3 scrolls of identify.
  2391 | D:2      | 2391 ||| IDENTIFYING cyan potion
  2392 | D:2      | 2392 ||| READING 2 scrolls of identify.
  2392 | D:2      | 2392 ||| IDENTIFYING puce potion
  2448 | D:3      | Noticed Sigmund
  2463 | D:3      | Killed Sigmund
  2464 | D:3      | Reached skill level 5 in Axes
  2464 | D:3      | Reached XP level 5. HP: 20/32 MP: 5/5
  2464 | D:3      | Reached XP level 6. HP: 24/37 MP: 6/6
  2540 | D:3      | 2540 ||| FLEEEEING.
  2541 | D:3      | 2541 ||| FLEEEEING.
  2542 | D:3      | 2542 ||| FLEEEEING.
  2543 | D:3      | 2543 ||| STAIRDANCE
  2688 | D:3      | 2688 ||| DROPPING +4 club.
  2708 | D:3      | 2708 ||| Stepping ~*~*~tactically~*~*~ (stealth).
  2726 | D:3      | 2726 ||| FLEEEEING.
  2728 | D:3      | 2728 ||| FLEEEEING.
  2732 | D:3      | 2732 ||| FLEEEEING.
  2733 | D:3      | 2733 ||| FLEEEEING.
  2734 | D:3      | 2734 ||| FLEEEEING.
  2736 | D:3      | 2736 ||| FLEEEEING.
  2737 | D:3      | 2737 ||| FLEEEEING.
  2738 | D:3      | 2738 ||| FLEEEEING.
  2739 | D:3      | 2739 ||| FLEEEEING.
  2740 | D:3      | 2740 ||| FLEEEEING.
  2741 | D:3      | 2741 ||| FLEEEEING.
  2742 | D:3      | 2742 ||| STAIRDANCE
  2957 | D:3      | 2957 ||| STAIRDANCE
  3131 | D:3      | 3131 ||| Stepping ~*~*~tactically~*~*~ (hiding).
  3325 | D:3      | 3325 ||| DROPPING +0 mace.
  3358 | D:3      | 3358 ||| Stepping ~*~*~tactically~*~*~ (hiding).
  3381 | D:3      | 3381 ||| Stepping ~*~*~tactically~*~*~ (stealth).
  3382 | D:3      | 3382 ||| Stepping ~*~*~tactically~*~*~ (stealth).
  3385 | D:3      | 3385 ||| Stepping ~*~*~tactically~*~*~ (stealth).
  3387 | D:3      | 3387 ||| Stepping ~*~*~tactically~*~*~ (stealth).
  3410 | D:3      | Noticed Natasha
  3411 | D:3      | 3411 ||| Stepping ~*~*~tactically~*~*~ (stealth).
  3417 | D:3      | Killed Natasha
  3493 | D:3      | Found a broken altar of Ashenzari.
  3542 | D:3      | Noticed Natasha
  3564 | D:3      | HP: 9/38 [something (6)]
  3565 | D:3      | 3565 ||| READING scroll of teleportation.
  3565 | D:3      | HP: 4/38 [something/magic dart (5)]
  3566 | D:3      | 3566 ||| DRINKING 2 potions of heal wounds.
  3568 | D:3      | Killed Natasha
  3720 | D:3      | Noticed Natasha
  3721 | D:3      | 3721 ||| Stepping ~*~*~tactically~*~*~ (stealth).
  3722 | D:3      | 3722 ||| Stepping ~*~*~tactically~*~*~ (stealth).
  3728 | D:3      | Killed Natasha
  3878 | D:3      | 3878 ||| Stepping ~*~*~tactically~*~*~ (stealth).
  3883 | D:3      | 3883 ||| Stepping ~*~*~tactically~*~*~ (stealth).
  3927 | D:3      | 3927 ||| Stepping ~*~*~tactically~*~*~ (stealth).
  3935 | D:3      | 3935 ||| Stepping ~*~*~tactically~*~*~ (stealth).
  3950 | D:3      | Found an ancient bone altar of Kikubaaqudgha.
  3957 | D:3      | Reached skill level 6 in Axes
  3957 | D:3      | Reached XP level 7. HP: 43/43 MP: 7/7
  4085 | D:3      | 4085 ||| UPGRADING to amulet of reflection.
  4090 | D:3      | 4090 ||| Stepping ~*~*~tactically~*~*~ (hiding).
  4353 | D:3      | 4353 ||| UPGRADING to +0 pair of gloves.
  4358 | D:3      | 4358 ||| READING scroll labelled OKKYPEDYMP.
  4359 | D:3      | 4359 ||| READING scroll labelled WIEXKY IFY.
  4780 | D:4      | 4780 ||| Stepping ~*~*~tactically~*~*~ (stealth).
  4782 | D:4      | 4782 ||| Stepping ~*~*~tactically~*~*~ (hiding).
  4981 | D:4      | Found a staircase to the Ecumenical Temple.
  4982 | D:4      | 4982 ||| PLANNING TEMPLE
  4990 | Temple   | Entered the Ecumenical Temple
  5186 | Temple   | 5186 ||| PLANNING D:1-11
  5352 | D:4      | 5352 ||| DROPPING +2 whip of flaming.
  5358 | D:4      | 5358 ||| READING scroll of acquirement.
  5358 | D:4      | 5358 ||| ACQUIRING +0 buckler of Wrong Decisions {Harm
                  | Str+3}
  5358 | D:4      | Acquired the +0 buckler of Wrong Decisions {Harm Str+3}
  5924 | D:4      | Found a white marble altar of Elyvilon.
  5931 | D:4      | 5931 ||| UPGRADING to +0 helmet.
  5936 | D:4      | 5936 ||| READING scroll labelled YTHEGUXYAM.
  5937 | D:4      | 5937 ||| READING scroll labelled LEXIAH URPHIFEZ.
  5976 | D:5      | Entered Level 5 of the Dungeon
  5995 | D:5      | Noticed Menkaure
  5996 | D:5      | 5996 ||| Stepping ~*~*~tactically~*~*~ (hiding).
  5997 | D:5      | 5997 ||| Stepping ~*~*~tactically~*~*~ (hiding).
  6008 | D:5      | Killed Menkaure
  6009 | D:5      | Reached skill level 7 in Axes
  6118 | D:5      | Reached XP level 8. HP: 43/48 MP: 8/8
  6160 | D:5      | 6160 ||| Stepping ~*~*~tactically~*~*~ (stealth).
  6210 | D:5      | 6210 ||| FLEEEEING.
  6211 | D:5      | 6211 ||| FLEEEEING.
  6212 | D:5      | 6212 ||| FLEEEEING.
  6222 | D:5      | 6222 ||| FLEEEEING.
  6946 | D:5      | Found a hide-covered altar of Uskayaw.
  6976 | D:5      | 6976 ||| READING scroll labelled SIMUTO ESOIT.
  6977 | D:5      | 6977 ||| READING scroll labelled IMUFEMP OCOFETA.
  6978 | D:5      | 6978 ||| READING 4 scrolls of identify.
  6978 | D:5      | 6978 ||| IDENTIFYING grey potion
  6979 | D:5      | 6979 ||| READING 3 scrolls of identify.
  6979 | D:5      | 6979 ||| IDENTIFYING sapphire potion
  6980 | D:5      | 6980 ||| DROPPING potion of berserk rage.
  7109 | D:6      | 7109 ||| Stepping ~*~*~tactically~*~*~ (hiding).
  7110 | D:6      | 7110 ||| Stepping ~*~*~tactically~*~*~ (hiding).
  7113 | D:6      | Found a radiant altar of Vehumet.
  7278 | D:6      | Reached skill level 8 in Axes
  7324 | D:6      | 7324 ||| Stepping ~*~*~tactically~*~*~ (hiding).
  7336 | D:6      | 7336 ||| Stepping ~*~*~tactically~*~*~ (stealth).
  7344 | D:6      | 7344 ||| Stepping ~*~*~tactically~*~*~ (hiding).
  7357 | D:6      | Reached skill level 6 in Fighting
  7403 | D:6      | Noticed a two-headed ogre
  7404 | D:6      | 7404 ||| Stepping ~*~*~tactically~*~*~ (stealth).
  7408 | D:6      | 7408 ||| Stepping ~*~*~tactically~*~*~ (stealth).
  7417 | D:6      | HP: 8/51 [two-headed ogre/+0 giant spiked club (8)]
  7418 | D:6      | 7418 ||| DRINKING potion of heal wounds.
  7421 | D:6      | Killed a two-headed ogre
  7422 | D:6      | Reached skill level 9 in Axes
  7422 | D:6      | Reached XP level 9. HP: 26/55 MP: 9/9
  7692 | D:6      | Found a shimmering altar of Xom.
  7708 | D:6      | Found an opulent altar of Gozag.
  7746 | D:6      | Found a sparkling altar of Nemelex Xobeh.
  7819 | D:6      | 7819 ||| READING scroll labelled SET HOUBULI.
  7976 | D:7      | 7976 ||| Stepping ~*~*~tactically~*~*~ (hiding).
  7978 | D:7      | 7978 ||| Stepping ~*~*~tactically~*~*~ (hiding).
  7981 | D:7      | Noticed Duvessa
  7996 | D:7      | Killed Duvessa
  8001 | D:7      | Noticed Dowan
  8002 | D:7      | 8002 ||| Stepping ~*~*~tactically~*~*~ (stealth).
  8003 | D:7      | 8003 ||| Stepping ~*~*~tactically~*~*~ (stealth).
  8013 | D:7      | Killed Dowan
  8198 | D:7      | Reached skill level 10 in Axes
  8322 | D:7      | 8322 ||| Stepping ~*~*~tactically~*~*~ (stealth).
  8648 | D:7      | 8648 ||| READING scroll labelled NANGAK TEIWN.
  8867 | D:8      | Identified the +5 quarterstaff of Xoxiob {freeze, Str-2
                  | Int+2 Dex+8}
  8870 | D:8      | 8870 ||| Stepping ~*~*~tactically~*~*~ (stealth).
  8948 | D:8      | 8948 ||| Stepping ~*~*~tactically~*~*~ (stealth).
  8950 | D:8      | 8950 ||| Stepping ~*~*~tactically~*~*~ (stealth).
  8952 | D:8      | 8952 ||| Stepping ~*~*~tactically~*~*~ (stealth).
  8971 | D:8      | 8971 ||| Stepping ~*~*~tactically~*~*~ (stealth).
  8974 | D:8      | 8974 ||| Stepping ~*~*~tactically~*~*~ (stealth).
  8980 | D:8      | 8980 ||| Stepping ~*~*~tactically~*~*~ (stealth).
  8984 | D:8      | Reached skill level 3 in Dodging
  8992 | D:8      | 8992 ||| Stepping ~*~*~tactically~*~*~ (stealth).
  9201 | D:8      | Reached XP level 10. HP: 64/64 MP: 10/10
  9317 | D:8      | 9317 ||| Stepping ~*~*~tactically~*~*~ (stealth).
  9512 | D:8      | Found a stormy altar of Qazlal.
  9512 | D:8      | Found an iron altar of Okawaru.
  9513 | D:8      | Found an ornate altar of the Wu Jian Council.
  9517 | D:8      | Found a glowing silver altar of Zin.
  9596 | D:8      | 9596 ||| DROPPING amulet of guardian spirit.
  9597 | D:8      | 9597 ||| READING scroll labelled YMOAKKIBIL.
  9647 | D:8      | Became a worshipper of Warmaster Okawaru
  9728 | D:9      | Noticed an orange demon
  9729 | D:9      | 9729 ||| Stepping ~*~*~tactically~*~*~ (hiding).
  9737 | D:9      | Noticed Amaemon
  9754 | D:9      | Killed Amaemon
  9754 | D:9      | Reached * piety under Okawaru
  9755 | D:9      | 9755 ||| INVOKING Heroism.
  9761 | D:9      | Killed an orange demon
  9762 | D:9      | Reached skill level 11 in Axes
  9762 | D:9      | Reached skill level 1 in Invocations
  9874 | D:9      | 9874 ||| DROPPING +0 flail.
 10072 | D:9      | 10072 ||| INVOKING Heroism.
 10165 | D:9      | 10165 ||| INVOKING Heroism.
 10472 | D:9      | 10472 ||| UPGRADING to +0 pair of boots.
 10510 | D:10     | Entered Level 10 of the Dungeon
 10515 | D:10     | 10515 ||| Stepping ~*~*~tactically~*~*~ (hiding).
 10601 | D:10     | Found Roizen's Antique Weapon Shop.
 10609 | D:10     | 10609 ||| BUYING dazzling broad axe (252 gold).
 10609 | D:10     | Bought a dazzling broad axe for 252 gold pieces
 10609 | D:10     | Identified the +8 broad axe of the Queen {vorpal, rPois}
                  | (You bought it in a shop on level 10 of the Dungeon)
 10609 | D:10     | 10609 ||| SWAPPING to +8 broad axe of the Queen {vorpal,
                  | rPois}.
 10610 | D:10     | 10610 ||| DROPPING +1 war axe of venom.
 10650 | D:10     | 10650 ||| Stepping ~*~*~tactically~*~*~ (stealth).
 10651 | D:10     | 10651 ||| Stepping ~*~*~tactically~*~*~ (stealth).
 10655 | D:10     | 10655 ||| INVOKING Heroism.
 10656 | D:10     | HP: 14/64 [something (29)]
 10657 | D:10     | 10657 ||| READING 3 scrolls of teleportation.
 10658 | D:10     | 10658 ||| DRINKING 2 potions of heal wounds.
 10804 | D:10     | Found Asesaq's Antique Armour Boutique.
 10812 | D:10     | 10812 ||| BUYING chain mail (121 gold).
 10812 | D:10     | Bought a chain mail for 121 gold pieces
 10812 | D:10     | 10812 ||| BUYING kite shield (121 gold).
 10812 | D:10     | Bought a kite shield for 121 gold pieces
 10812 | D:10     | 10812 ||| SHOPLISTING pair of polished gloves (256 gold,
                  | have 182).
 10812 | D:10     | 10812 ||| SHOPLISTING runed cloak (202 gold, have 182).
 10827 | D:10     | 10827 ||| STAIRDANCE
 10832 | D:9      | 10832 ||| DROPPING +0 buckler of Wrong Decisions {Harm
                  | Str+3}.
 10833 | D:9      | 10833 ||| UPGRADING to +0 kite shield.
 10843 | D:9      | 10843 ||| DROPPING +0 buckler.
 10844 | D:9      | 10844 ||| DROPPING amulet of the acrobat.
 10845 | D:9      | 10845 ||| READING scroll labelled ZEQOST RUCK.
 10958 | D:10     | 10958 ||| FLEEEEING.
 10959 | D:10     | 10959 ||| FLEEEEING.
 10960 | D:10     | 10960 ||| FLEEEEING.
 10961 | D:10     | 10961 ||| FLEEEEING.
 10962 | D:10     | 10962 ||| STAIRDANCE
 11066 | D:10     | 11066 ||| INVOKING Heroism.
 11067 | D:10     | 11067 ||| STAIRDANCE
 11071 | D:9      | Reached skill level 3 in Invocations
 11083 | D:10     | 11083 ||| STAIRDANCE
 11085 | D:9      | 11085 ||| INVOKING Heroism.
 11093 | D:9      | Reached skill level 6 in Shields
 11209 | D:10     | 11209 ||| STAIRDANCE
 11211 | D:9      | 11211 ||| INVOKING Heroism.
 11308 | D:10     | 11308 ||| STAIRDANCE
 11334 | D:10     | 11334 ||| STAIRDANCE
 11336 | D:9      | 11336 ||| INVOKING Heroism.
 11513 | D:10     | Noticed Urug
 11514 | D:10     | 11514 ||| Stepping ~*~*~tactically~*~*~ (stealth).
 11516 | D:10     | 11516 ||| INVOKING Heroism.
 11525 | D:10     | Killed Urug
 11525 | D:10     | Reached ** piety under Okawaru
 11526 | D:10     | Reached XP level 11. HP: 47/68 MP: 12/14
 11624 | D:10     | 11624 ||| DROPPING -1 demon whip of venom.
 11662 | D:10     | 11662 ||| READING scroll of enchant armour.
 11662 | D:10     | 11662 ||| ENCHANTING +0 pair of gloves.
 11680 | D:10     | 11680 ||| Stepping ~*~*~tactically~*~*~ (hiding).
 11689 | D:10     | 11689 ||| INVOKING Heroism.
 11694 | D:10     | Reached skill level 1 in Throwing
 11758 | D:10     | 11758 ||| FLEEEEING.
 11759 | D:10     | 11759 ||| FLEEEEING.
 11760 | D:10     | 11760 ||| FLEEEEING.
 11775 | D:10     | 11775 ||| FLEEEEING.
 11829 | D:10     | 11829 ||| Stepping ~*~*~tactically~*~*~ (stealth).
 11830 | D:10     | 11830 ||| Stepping ~*~*~tactically~*~*~ (stealth).
 12275 | D:10     | 12275 ||| UPGRADING to ring of positive energy.
 12325 | D:11     | Found a staircase to the Lair.
 12356 | D:11     | 12356 ||| INVOKING Heroism.
 12364 | D:11     | Reached skill level 9 in Shields
 12440 | D:11     | Found a staircase to the Orcish Mines.
 12481 | D:11     | Noticed a cyclops
 12482 | D:11     | 12482 ||| INVOKING Heroism.
 12485 | D:11     | 12485 ||| Stepping ~*~*~tactically~*~*~ (stealth).
 12490 | D:11     | Killed a cyclops
 12491 | D:11     | Reached skill level 3 in Throwing
 12494 | D:11     | Reached *** piety under Okawaru
 12552 | D:11     | 12552 ||| Stepping ~*~*~tactically~*~*~ (hiding).
 12554 | D:11     | 12554 ||| Stepping ~*~*~tactically~*~*~ (stealth).
 12555 | D:11     | 12555 ||| Stepping ~*~*~tactically~*~*~ (hiding).
 12625 | D:11     | Noticed a two-headed ogre
 12626 | D:11     | 12626 ||| INVOKING Heroism.
 12630 | D:11     | Killed a two-headed ogre
 12843 | D:11     | 12843 ||| Stepping ~*~*~tactically~*~*~ (stealth).
 12853 | D:11     | 12853 ||| Stepping ~*~*~tactically~*~*~ (hiding).
 12854 | D:11     | 12854 ||| Stepping ~*~*~tactically~*~*~ (hiding).
 12856 | D:11     | 12856 ||| Stepping ~*~*~tactically~*~*~ (hiding).
 13038 | D:11     | Noticed a red ugly thing
 13045 | D:11     | 13045 ||| INVOKING Heroism.
 13051 | D:11     | Killed a red ugly thing
 13052 | D:11     | Reached skill level 9 in Fighting
 13408 | D:11     | 13408 ||| PLANNING LAIR
 13408 | D:11     | 13408 ||| READING scroll labelled OJOLUO FOFFAABY.
 13447 | Lair:1   | Entered Level 1 of the Lair of Beasts
 13447 | Lair:1   | Found a frozen archway.
 13448 | Lair:1   | 13448 ||| INVOKING Heroism.
 13482 | Lair:1   | 13482 ||| INVOKING Heroism.
 13491 | Lair:1   | Reached **** piety under Okawaru
 13506 | Lair:1   | 13506 ||| Stepping ~*~*~tactically~*~*~ (stealth).
 13532 | Lair:1   | 13532 ||| Stepping ~*~*~tactically~*~*~ (hiding).
 13652 | Lair:1   | 13652 ||| Stepping ~*~*~tactically~*~*~ (hiding).
 13653 | Lair:1   | 13653 ||| Stepping ~*~*~tactically~*~*~ (hiding).
 13749 | Lair:1   | 13749 ||| Stepping ~*~*~tactically~*~*~ (stealth).
 13751 | Lair:1   | 13751 ||| INVOKING Heroism.
 13846 | Lair:1   | 13846 ||| INVOKING Heroism.
 13874 | Lair:1   | Noticed a five-headed hydra
 13877 | Lair:1   | 13877 ||| INVOKING Heroism.
 13878 | Lair:1   | 13878 ||| SWAPPING to +1 eveningstar of holy wrath.
 13886 | Lair:1   | Killed a five-headed hydra
 13887 | Lair:1   | Reached XP level 12. HP: 47/76 MP: 13/16
 13887 | Lair:1   | 13887 ||| SWAPPING to +8 broad axe of the Queen {vorpal,
                  | rPois}.
 14033 | Lair:1   | 14033 ||| INVOKING Heroism.
 14166 | Lair:1   | Reached ***** piety under Okawaru
 14167 | Lair:1   | Reached skill level 6 in Invocations
 14167 | Lair:1   | 14167 ||| Stepping ~*~*~tactically~*~*~ (stealth).
 14168 | Lair:1   | 14168 ||| Stepping ~*~*~tactically~*~*~ (stealth).
 14172 | Lair:1   | Reached skill level 12 in Axes
 14176 | Lair:1   | 14176 ||| Stepping ~*~*~tactically~*~*~ (stealth).
 14180 | Lair:1   | 14180 ||| INVOKING Heroism.
 14294 | Lair:1   | 14294 ||| INVOKING Heroism.
 14342 | Lair:1   | 14342 ||| INVOKING Heroism.
 14343 | Lair:1   | 14343 ||| Stepping ~*~*~tactically~*~*~ (stealth).
 14344 | Lair:1   | 14344 ||| Stepping ~*~*~tactically~*~*~ (stealth).
 14351 | Lair:1   | Reached skill level 6 in Armour
 14409 | Lair:1   | 14409 ||| Stepping ~*~*~tactically~*~*~ (stealth).
 14576 | Lair:1   | 14576 ||| INVOKING Heroism.
 14919 | Lair:1   | 14919 ||| READING 9 scrolls of identify.
 14919 | Lair:1   | 14919 ||| IDENTIFYING metallic red potion
 14947 | Lair:2   | 14947 ||| INVOKING Heroism.
 14948 | Lair:2   | Noticed a death yak
 14949 | Lair:2   | 14949 ||| Stepping ~*~*~tactically~*~*~ (stealth).
 14953 | Lair:2   | 14953 ||| INVOKING Finesse.
 14958 | Lair:2   | Killed a death yak
 14959 | Lair:2   | Noticed a death yak
 14963 | Lair:2   | Noticed a death yak
 14965 | Lair:2   | Noticed a death yak
 14966 | Lair:2   | Killed a death yak
 14966 | Lair:2   | Received a gift from Okawaru
 14967 | Lair:2   | Noticed a death yak
 14970 | Lair:2   | 14970 ||| Stepping ~*~*~tactically~*~*~ (stealth).
 14976 | Lair:2   | Killed a death yak
 14979 | Lair:2   | Noticed a death yak
 14979 | Lair:2   | Killed a death yak
 14988 | Lair:2   | Killed a death yak
 14989 | Lair:2   | Reached skill level 9 in Invocations
 14995 | Lair:2   | Killed a death yak
 14995 | Lair:2   | Received a gift from Okawaru
 15156 | Lair:2   | 15156 ||| Stepping ~*~*~tactically~*~*~ (hiding).
 15215 | Lair:2   | Noticed a five-headed hydra
 15216 | Lair:2   | 15216 ||| Stepping ~*~*~tactically~*~*~ (stealth).
 15219 | Lair:2   | 15219 ||| INVOKING Heroism.
 15220 | Lair:2   | 15220 ||| INVOKING Finesse.
 15223 | Lair:2   | 15223 ||| SWAPPING to +1 eveningstar of holy wrath.
 15230 | Lair:2   | Killed a five-headed hydra
 15231 | Lair:2   | 15231 ||| SWAPPING to +8 broad axe of the Queen {vorpal,
                  | rPois}.
 15419 | Lair:2   | 15419 ||| INVOKING Heroism.
 15510 | Lair:2   | Identified the amulet "Plog" {Spirit rPois rF- rN+++
                  | Stlth+}
 15730 | Lair:2   | Found a staircase to the Swamp.
 15774 | Lair:2   | Reached XP level 13. HP: 82/82 MP: 20/20
 15960 | Lair:2   | 15960 ||| UPGRADING to +4 scale mail of cold resistance.
 15970 | Lair:2   | 15970 ||| DROPPING +0 chain mail.
 15971 | Lair:2   | 15971 ||| DROPPING amulet "Plog" {Spirit rPois rF- rN+++
                  | Stlth+}.
 16001 | Lair:3   | 16001 ||| PLANNING GAUNTLET
 16001 | Lair:3   | 16001 ||| INVOKING Heroism.
 16038 | Lair:3   | 16038 ||| Stepping ~*~*~tactically~*~*~ (stealth).
 16040 | Lair:3   | 16040 ||| Stepping ~*~*~tactically~*~*~ (stealth).
 16077 | Lair:3   | 16077 ||| FLEEEEING.
 16079 | Lair:3   | 16079 ||| FLEEEEING.
 16177 | Lair:3   | Found a gate leading to a gauntlet.
 16186 | Gauntlet | Entered a Gauntlet
 16186 | Gauntlet | Found a transporter.
 16186 | Gauntlet | Found a transporter.
 16186 | Gauntlet | Found a runed translucent gate.
 16186 | Gauntlet | Found a runed translucent gate.
 16186 | Gauntlet | Found a runed translucent gate.
 16194 | Gauntlet | Found a transporter.
 16198 | Gauntlet | Found a transporter.
 16209 | Gauntlet | Found a transporter.
 16210 | Gauntlet | Found a transporter.
 16219 | Gauntlet | Found a transporter.
 16235 | Gauntlet | Found a transporter.
 16253 | Gauntlet | Found a transporter.
 16254 | Gauntlet | Found a transporter.
 16265 | Gauntlet | Found a transporter.
 16266 | Gauntlet | Found a transporter.
 16312 | Gauntlet | Reached skill level 13 in Axes
 16378 | Gauntlet | 16378 ||| DROPPING scarf of harm.
 16388 | Gauntlet | 16388 ||| INVOKING Heroism.
 16389 | Gauntlet | 16389 ||| INVOKING Finesse.
 16478 | Gauntlet | 16478 ||| UPGRADING to scarf of resistance.
 16513 | Gauntlet | Noticed a minotaur
 16514 | Gauntlet | 16514 ||| Stepping ~*~*~tactically~*~*~ (stealth).
 16515 | Gauntlet | 16515 ||| INVOKING Heroism.
 16516 | Gauntlet | 16516 ||| INVOKING Finesse.
 16524 | Gauntlet | Killed a minotaur
 16639 | Gauntlet | 16639 ||| DROPPING +0 ring mail of fire resistance.
 16673 | Lair:3   | 16673 ||| PLANNING LAIR
 16758 | Lair:3   | 16758 ||| Stepping ~*~*~tactically~*~*~ (stealth).
 16761 | Lair:3   | 16761 ||| INVOKING Heroism.
 16762 | Lair:3   | 16762 ||| INVOKING Finesse.
 16777 | Lair:3   | 16777 ||| Stepping ~*~*~tactically~*~*~ (stealth).
 16795 | Lair:3   | 16795 ||| Stepping ~*~*~tactically~*~*~ (stealth).
 16809 | Lair:3   | 16809 ||| Stepping ~*~*~tactically~*~*~ (stealth).
 16810 | Lair:3   | 16810 ||| Stepping ~*~*~tactically~*~*~ (stealth).
 16811 | Lair:3   | 16811 ||| Stepping ~*~*~tactically~*~*~ (stealth).
 16815 | Lair:3   | 16815 ||| INVOKING Heroism.
 16877 | Lair:3   | 16877 ||| Stepping ~*~*~tactically~*~*~ (stealth).
 16884 | Lair:3   | 16884 ||| Stepping ~*~*~tactically~*~*~ (stealth).
 16885 | Lair:3   | 16885 ||| Stepping ~*~*~tactically~*~*~ (stealth).
 16886 | Lair:3   | 16886 ||| Stepping ~*~*~tactically~*~*~ (stealth).
 17043 | Lair:3   | 17043 ||| Stepping ~*~*~tactically~*~*~ (stealth).
 17045 | Lair:3   | 17045 ||| Stepping ~*~*~tactically~*~*~ (stealth).
 17047 | Lair:3   | 17047 ||| Stepping ~*~*~tactically~*~*~ (stealth).
 17088 | Lair:3   | 17088 ||| INVOKING Heroism.
 17144 | Lair:3   | 17144 ||| Stepping ~*~*~tactically~*~*~ (stealth).
 17147 | Lair:3   | 17147 ||| INVOKING Heroism.
 17165 | Lair:3   | 17165 ||| INVOKING Heroism.
 17223 | Lair:3   | 17223 ||| Stepping ~*~*~tactically~*~*~ (hiding).
 17227 | Lair:3   | 17227 ||| INVOKING Heroism.
 17303 | Lair:3   | Found a hole to the Spider Nest.
 17593 | Lair:3   | Found a runed translucent door.
 17596 | Lair:3   | 17596 ||| DROPPING ring of flight.
 17597 | Lair:3   | 17597 ||| DRINKING 2 smoky golden potions.
 17709 | Lair:4   | 17709 ||| INVOKING Heroism.
 17804 | Lair:4   | 17804 ||| Stepping ~*~*~tactically~*~*~ (stealth).
 17805 | Lair:4   | 17805 ||| Stepping ~*~*~tactically~*~*~ (stealth).
 17809 | Lair:4   | 17809 ||| INVOKING Heroism.
 17823 | Lair:4   | 17823 ||| Stepping ~*~*~tactically~*~*~ (stealth).
 18000 | Lair:4   | 18000 ||| INVOKING Heroism.
 18117 | Lair:4   | 18117 ||| Stepping ~*~*~tactically~*~*~ (stealth).
 18121 | Lair:4   | 18121 ||| INVOKING Heroism.
 18231 | Lair:4   | Reached skill level 14 in Axes
 18235 | Lair:4   | Received a gift from Okawaru
 18554 | Lair:4   | 18554 ||| Stepping ~*~*~tactically~*~*~ (stealth).
 18562 | Lair:4   | 18562 ||| INVOKING Heroism.
 18563 | Lair:4   | Noticed Kirke
 18564 | Lair:4   | 18564 ||| INVOKING Finesse.
 18581 | Lair:4   | Killed Kirke
 18582 | Lair:4   | Gained mutation: Your large and strong wings let you fly.
                  | [Gargoyle growth]
 18582 | Lair:4   | Reached XP level 14. HP: 63/88 MP: 15/21
 18801 | Lair:4   | 18801 ||| UPGRADING to +4 ring of protection.
 18803 | Lair:4   | 18803 ||| UPGRADING to ring "Rureg" {*Corrode rElec Str+2
                  | Dex+6}.
 18805 | Lair:4   | 18805 ||| DROPPING ring of positive energy.
 18806 | Lair:4   | 18806 ||| DRINKING 2 bubbling silvery potions.
 18807 | Lair:4   | 18807 ||| DROPPING potion of brilliance.
 18840 | Lair:5   | Entered Level 5 of the Lair of Beasts
 18841 | Lair:5   | 18841 ||| INVOKING Heroism.
 18842 | Lair:5   | Noticed Snorg
 18843 | Lair:5   | 18843 ||| INVOKING Finesse.
 18844 | Lair:5   | 18844 ||| STAIRDANCE
 18888 | Lair:5   | 18888 ||| STAIRDANCE
 18890 | Lair:4   | 18890 ||| INVOKING Heroism.
 18891 | Lair:4   | 18891 ||| INVOKING Finesse.
 18892 | Lair:4   | 18892 ||| INVOKING Finesse.
 18897 | Lair:4   | Received a gift from Okawaru
 18907 | Lair:4   | Killed Snorg
 19139 | Lair:5   | 19139 ||| STAIRDANCE
 19148 | Lair:5   | 19148 ||| STAIRDANCE
 19155 | Lair:5   | 19155 ||| STAIRDANCE
 19198 | Lair:5   | 19198 ||| STAIRDANCE
 19280 | Lair:5   | 19280 ||| Stepping ~*~*~tactically~*~*~ (stealth).
 19285 | Lair:5   | 19285 ||| INVOKING Heroism.
 19356 | Lair:5   | 19356 ||| Stepping ~*~*~tactically~*~*~ (stealth).
 19370 | Lair:5   | 19370 ||| INVOKING Heroism.
 19383 | Lair:5   | 19383 ||| Stepping ~*~*~tactically~*~*~ (stealth).
 19388 | Lair:5   | 19388 ||| Stepping ~*~*~tactically~*~*~ (stealth).
 19391 | Lair:5   | 19391 ||| Stepping ~*~*~tactically~*~*~ (stealth).
 19395 | Lair:5   | Reached skill level 12 in Shields
 19419 | Lair:5   | 19419 ||| READING scroll of enchant armour.
 19419 | Lair:5   | 19419 ||| ENCHANTING +1 pair of gloves.
 19436 | Lair:5   | 19436 ||| Stepping ~*~*~tactically~*~*~ (stealth).
 19440 | Lair:5   | 19440 ||| Stepping ~*~*~tactically~*~*~ (stealth).
 19597 | Lair:5   | 19597 ||| Stepping ~*~*~tactically~*~*~ (stealth).
 19611 | Lair:5   | 19611 ||| INVOKING Heroism.
 19620 | Lair:5   | Received a gift from Okawaru
 19630 | Lair:5   | Found a staircase to the Slime Pits.
 19765 | Lair:5   | 19765 ||| INVOKING Heroism.
 19785 | Lair:5   | 19785 ||| Stepping ~*~*~tactically~*~*~ (stealth).
 19791 | Lair:5   | 19791 ||| Stepping ~*~*~tactically~*~*~ (stealth).
 19811 | Lair:5   | 19811 ||| INVOKING Heroism.
 19817 | Lair:5   | 19817 ||| Stepping ~*~*~tactically~*~*~ (stealth).
 19828 | Lair:5   | 19828 ||| Stepping ~*~*~tactically~*~*~ (hiding).
 19829 | Lair:5   | 19829 ||| Stepping ~*~*~tactically~*~*~ (stealth).
 19849 | Lair:5   | 19849 ||| INVOKING Heroism.
 19900 | Lair:5   | 19900 ||| INVOKING Heroism.
 19901 | Lair:5   | 19901 ||| INVOKING Finesse.
 19904 | Lair:5   | 19904 ||| Stepping ~*~*~tactically~*~*~ (stealth).
 19908 | Lair:5   | 19908 ||| Stepping ~*~*~tactically~*~*~ (stealth).
 19914 | Lair:5   | 19914 ||| SWAPPING to +1 eveningstar of holy wrath.
 19920 | Lair:5   | 19920 ||| SWAPPING to +8 broad axe of the Queen {vorpal,
                  | rPois}.
 19954 | Lair:5   | 19954 ||| INVOKING Heroism.
 19955 | Lair:5   | 19955 ||| Stepping ~*~*~tactically~*~*~ (stealth).
 19962 | Lair:5   | 19962 ||| Stepping ~*~*~tactically~*~*~ (stealth).
 19964 | Lair:5   | 19964 ||| Stepping ~*~*~tactically~*~*~ (stealth).
 19979 | Lair:5   | 19979 ||| Stepping ~*~*~tactically~*~*~ (stealth).
 19987 | Lair:5   | 19987 ||| Stepping ~*~*~tactically~*~*~ (stealth).
 19989 | Lair:5   | 19989 ||| Stepping ~*~*~tactically~*~*~ (stealth).
 19990 | Lair:5   | 19990 ||| Stepping ~*~*~tactically~*~*~ (stealth).
 19993 | Lair:5   | 19993 ||| Stepping ~*~*~tactically~*~*~ (stealth).
 19999 | Lair:5   | 19999 ||| Stepping ~*~*~tactically~*~*~ (stealth).
 20003 | Lair:5   | Noticed a dire elephant
 20004 | Lair:5   | 20004 ||| Stepping ~*~*~tactically~*~*~ (stealth).
 20005 | Lair:5   | 20005 ||| Stepping ~*~*~tactically~*~*~ (stealth).
 20006 | Lair:5   | 20006 ||| Stepping ~*~*~tactically~*~*~ (stealth).
 20012 | Lair:5   | Reached skill level 15 in Axes
 20016 | Lair:5   | Killed a dire elephant
 20143 | Lair:5   | 20143 ||| Stepping ~*~*~tactically~*~*~ (stealth).
 20148 | Lair:5   | 20148 ||| INVOKING Heroism.
 20212 | Lair:5   | 20212 ||| INVOKING Heroism.
 20403 | Lair:5   | 20403 ||| Stepping ~*~*~tactically~*~*~ (stealth).
 20405 | Lair:5   | 20405 ||| Stepping ~*~*~tactically~*~*~ (stealth).
 20407 | Lair:5   | 20407 ||| Stepping ~*~*~tactically~*~*~ (stealth).
 20409 | Lair:5   | 20409 ||| INVOKING Heroism.
 20539 | Lair:5   | 20539 ||| Stepping ~*~*~tactically~*~*~ (stealth).
 20741 | Lair:5   | 20741 ||| Stepping ~*~*~tactically~*~*~ (hiding).
 20854 | Lair:5   | 20854 ||| Stepping ~*~*~tactically~*~*~ (hiding).
 20863 | Lair:5   | 20863 ||| Stepping ~*~*~tactically~*~*~ (stealth).
 20866 | Lair:5   | 20866 ||| Stepping ~*~*~tactically~*~*~ (hiding).
 20867 | Lair:5   | 20867 ||| Stepping ~*~*~tactically~*~*~ (hiding).
 20869 | Lair:5   | 20869 ||| Stepping ~*~*~tactically~*~*~ (hiding).
 20896 | Lair:5   | Identified the +1 robe of Pygeagem {-Tele rF+ Will+ Dex+8}
 20901 | Lair:5   | 20901 ||| Stepping ~*~*~tactically~*~*~ (hiding).
 20908 | Lair:5   | 20908 ||| INVOKING Heroism.
 20909 | Lair:5   | 20909 ||| INVOKING Finesse.
 20912 | Lair:5   | 20912 ||| Stepping ~*~*~tactically~*~*~ (hiding).
 20926 | Lair:5   | Reached skill level 12 in Fighting
 21147 | Lair:5   | 21147 ||| PLANNING D
 21147 | Lair:5   | 21147 ||| DROPPING +0 pair of gloves of hurling.
 21148 | Lair:5   | 21148 ||| READING scroll labelled GITUOT OWIXT.
 21149 | Lair:5   | 21149 ||| READING 15 scrolls of identify.
 21149 | Lair:5   | 21149 ||| IDENTIFYING smoky purple potion
 21150 | Lair:5   | 21150 ||| DROPPING potion of flight.
 21386 | D:12     | 21386 ||| Stepping ~*~*~tactically~*~*~ (stealth).
 21387 | D:12     | 21387 ||| Stepping ~*~*~tactically~*~*~ (stealth).
 21484 | D:12     | 21484 ||| INVOKING Heroism.
 21503 | D:12     | 21503 ||| Stepping ~*~*~tactically~*~*~ (hiding).
 21517 | D:12     | Reached XP level 15. HP: 80/96 MP: 22/22
 21525 | D:12     | 21525 ||| INVOKING Heroism.
 21588 | D:12     | 21588 ||| Stepping ~*~*~tactically~*~*~ (stealth).
 21590 | D:12     | 21590 ||| INVOKING Heroism.
 21594 | D:12     | Identified the +1 cloak of the Fiddle {Rampage Dex+4}
                  | (Okawaru gifted it to you on level 12 of the Dungeon)
 21594 | D:12     | Received a gift from Okawaru
 21595 | D:12     | 21595 ||| Stepping ~*~*~tactically~*~*~ (hiding).
 21733 | D:12     | 21733 ||| INVOKING Heroism.
 21957 | D:12     | 21957 ||| INVOKING Heroism.
 22043 | D:12     | 22043 ||| UPGRADING to +1 cloak of the Fiddle {Rampage
                  | Dex+4}.
 22053 | D:12     | 22053 ||| READING 14 scrolls of identify.
 22053 | D:12     | 22053 ||| IDENTIFYING amethyst potion
 22054 | D:12     | 22054 ||| DROPPING potion of ambrosia.
 22138 | D:13     | 22138 ||| INVOKING Heroism.
 22360 | D:13     | 22360 ||| Stepping ~*~*~tactically~*~*~ (stealth).
 22463 | D:13     | 22463 ||| INVOKING Heroism.
 22464 | D:13     | 22464 ||| INVOKING Finesse.
 22467 | D:13     | 22467 ||| SWAPPING to +1 eveningstar of holy wrath.
 22469 | D:13     | 22469 ||| SWAPPING to +8 broad axe of the Queen {vorpal,
                  | rPois}.
 23054 | D:13     | 23054 ||| INVOKING Heroism.
 23058 | D:13     | 23058 ||| READING 6 scrolls of teleportation.
 23098 | D:13     | 23098 ||| Stepping ~*~*~tactically~*~*~ (stealth).
 23099 | D:13     | 23099 ||| Stepping ~*~*~tactically~*~*~ (stealth).
 23113 | D:13     | 23113 ||| READING 5 scrolls of teleportation.
 23143 | D:13     | 23143 ||| Stepping ~*~*~tactically~*~*~ (stealth).
 23146 | D:13     | 23146 ||| Stepping ~*~*~tactically~*~*~ (stealth).
 23149 | D:13     | 23149 ||| Stepping ~*~*~tactically~*~*~ (stealth).
 23151 | D:13     | 23151 ||| Stepping ~*~*~tactically~*~*~ (stealth).
 23154 | D:13     | Reached skill level 6 in Dodging
 23156 | D:13     | 23156 ||| Stepping ~*~*~tactically~*~*~ (stealth).
 23314 | D:13     | 23314 ||| READING 14 scrolls of identify.
 23314 | D:13     | 23314 ||| IDENTIFYING purple potion
 23320 | D:14     | Found a shadowy altar of Dithmenos.
 23382 | D:14     | Reached skill level 16 in Axes
 23392 | D:14     | 23392 ||| INVOKING Heroism.
 23393 | D:14     | 23393 ||| INVOKING Finesse.
 23398 | D:14     | 23398 ||| SWAPPING to +1 eveningstar of holy wrath.
 23403 | D:14     | 23403 ||| Stepping ~*~*~tactically~*~*~ (outnumbered).
 23404 | D:14     | 23404 ||| Stepping ~*~*~tactically~*~*~ (outnumbered).
 23408 | D:14     | 23408 ||| SWAPPING to +8 broad axe of the Queen {vorpal,
                  | rPois}.
 23512 | D:14     | 23512 ||| Stepping ~*~*~tactically~*~*~ (stealth).
 23513 | D:14     | 23513 ||| Stepping ~*~*~tactically~*~*~ (stealth).
 23515 | D:14     | 23515 ||| INVOKING Heroism.
 23533 | D:14     | Reached skill level 9 in Armour
 23584 | D:14     | 23584 ||| INVOKING Heroism.
 23633 | D:14     | 23633 ||| INVOKING Heroism.
 23651 | D:14     | Found a gate to the Vaults.
 23665 | Abyss:2  | Cast into level 2 of the Abyss (a wizard)
 23723 | Abyss:2  | Noticed a hellephant
 23724 | Abyss:2  | 23724 ||| Stepping ~*~*~tactically~*~*~ (stealth).
 23727 | Abyss:2  | 23727 ||| Stepping ~*~*~tactically~*~*~ (hiding).
 23729 | Abyss:2  | 23729 ||| INVOKING Heroism.
 23734 | Abyss:2  | HP: 16/96 [hellephant/blast of flame (40)]
 23735 | Abyss:2  | 23735 ||| READING 4 scrolls of teleportation.
 23736 | Abyss:2  | 23736 ||| DRINKING 3 potions of heal wounds.
 23817 | Abyss:2  | 23817 ||| INVOKING Heroism.
 23878 | Abyss:2  | 23878 ||| Stepping ~*~*~tactically~*~*~ (stealth).
 23894 | Abyss:2  | 23894 ||| Stepping ~*~*~tactically~*~*~ (stealth).
 23907 | Abyss:2  | 23907 ||| Stepping ~*~*~tactically~*~*~ (stealth).
 23909 | Abyss:2  | 23909 ||| Stepping ~*~*~tactically~*~*~ (stealth).
 23925 | Abyss:2  | 23925 ||| INVOKING Heroism.
 23937 | Abyss:2  | Noticed a hellephant
 23945 | Abyss:2  | 23945 ||| Stepping ~*~*~tactically~*~*~ (hiding).
 23959 | Abyss:2  | Killed a hellephant
 23978 | Abyss:2  | 23978 ||| Stepping ~*~*~tactically~*~*~ (stealth).
 23979 | Abyss:2  | 23979 ||| INVOKING Heroism.
 24097 | Abyss:2  | 24097 ||| Stepping ~*~*~tactically~*~*~ (stealth).
 24100 | Abyss:2  | 24100 ||| Stepping ~*~*~tactically~*~*~ (stealth).
 24166 | Abyss:2  | 24166 ||| Stepping ~*~*~tactically~*~*~ (hiding).
 24169 | Abyss:2  | 24169 ||| Stepping ~*~*~tactically~*~*~ (hiding).
 24178 | Abyss:2  | 24178 ||| Stepping ~*~*~tactically~*~*~ (hiding).
 24180 | Abyss:2  | Noticed a tentacled starspawn
 24190 | D:14     | Escaped the Abyss
 24191 | D:14     | 24191 ||| Stepping ~*~*~tactically~*~*~ (hiding).
 24269 | D:14     | 24269 ||| FLEEEEING.
 24270 | D:14     | 24270 ||| FLEEEEING.
 24271 | D:14     | 24271 ||| FLEEEEING.
 24272 | D:14     | 24272 ||| FLEEEEING.
 24275 | D:14     | 24275 ||| FLEEEEING.
 24276 | D:14     | 24276 ||| FLEEEEING.
 24277 | D:14     | 24277 ||| FLEEEEING.
 24278 | D:14     | 24278 ||| FLEEEEING.
 24279 | D:14     | 24279 ||| FLEEEEING.
 24280 | D:14     | 24280 ||| FLEEEEING.
 24281 | D:14     | 24281 ||| FLEEEEING.
 24282 | D:14     | 24282 ||| FLEEEEING.
 24283 | D:14     | 24283 ||| FLEEEEING.
 24284 | D:14     | 24284 ||| FLEEEEING.
 24285 | D:14     | 24285 ||| FLEEEEING.
 24286 | D:14     | 24286 ||| FLEEEEING.
 24287 | D:14     | 24287 ||| FLEEEEING.
 24289 | D:14     | 24289 ||| FLEEEEING.
 24290 | D:14     | 24290 ||| FLEEEEING.
 24291 | D:14     | 24291 ||| FLEEEEING.
 24292 | D:14     | 24292 ||| FLEEEEING.
 24293 | D:14     | 24293 ||| FLEEEEING.
 24294 | D:14     | 24294 ||| FLEEEEING.
 24295 | D:14     | 24295 ||| FLEEEEING.
 24296 | D:14     | 24296 ||| FLEEEEING.
 24297 | D:14     | 24297 ||| FLEEEEING.
 24298 | D:14     | 24298 ||| FLEEEEING.
 24299 | D:14     | 24299 ||| FLEEEEING.
 24300 | D:14     | 24300 ||| FLEEEEING.
 24302 | D:14     | 24302 ||| FLEEEEING.
 24303 | D:14     | 24303 ||| FLEEEEING.
 24304 | D:14     | 24304 ||| FLEEEEING.
 24306 | D:14     | 24306 ||| FLEEEEING.
 24307 | D:14     | 24307 ||| FLEEEEING.
 24308 | D:14     | 24308 ||| FLEEEEING.
 24309 | D:14     | 24309 ||| FLEEEEING.
 24330 | D:14     | Noticed Josephine
 24334 | D:14     | 24334 ||| INVOKING Heroism.
 24343 | D:14     | Killed Josephine
 24459 | D:14     | 24459 ||| INVOKING Heroism.
 24460 | D:14     | 24460 ||| SWAPPING to +1 eveningstar of holy wrath.
 24461 | D:14     | 24461 ||| INVOKING Finesse.
 24470 | D:14     | 24470 ||| SWAPPING to +8 broad axe of the Queen {vorpal,
                  | rPois}.
 24728 | D:14     | 24728 ||| UPGRADING to +0 plate armour.
 24738 | D:14     | 24738 ||| UPGRADING to scarf of resistance.
 24774 | D:15     | Entered Level 15 of the Dungeon
 24775 | D:15     | 24775 ||| Stepping ~*~*~tactically~*~*~ (hiding).
 24776 | D:15     | 24776 ||| Stepping ~*~*~tactically~*~*~ (stealth).
 24777 | D:15     | 24777 ||| Stepping ~*~*~tactically~*~*~ (stealth).
 24807 | D:15     | 24807 ||| INVOKING Heroism.
 24873 | D:15     | 24873 ||| INVOKING Heroism.
 24885 | D:15     | Received a gift from Okawaru
 24888 | D:15     | Reached XP level 16. HP: 55/101 MP: 23/23
 25091 | D:15     | 25091 ||| INVOKING Heroism.
 25226 | D:15     | 25226 ||| Stepping ~*~*~tactically~*~*~ (hiding).
 25227 | D:15     | 25227 ||| Stepping ~*~*~tactically~*~*~ (hiding).
 25370 | D:15     | 25370 ||| READING scroll of enchant armour.
 25370 | D:15     | 25370 ||| ENCHANTING +0 helmet.
 25414 | D:15     | Noticed Uvinaotu's ghost (journeyman MiFi)
 25419 | D:15     | Noticed a tengu reaver
 25420 | D:15     | Found a runed translucent gate.
 25420 | D:15     | Found a runed translucent gate.
 25420 | D:15     | Found a runed translucent gate.
 25434 | D:15     | 25434 ||| READING scroll of enchant armour.
 25434 | D:15     | 25434 ||| ENCHANTING +1 helmet.
 25504 | D:15     | 25504 ||| INVOKING Heroism.
 25510 | D:15     | 25510 ||| Stepping ~*~*~tactically~*~*~ (hiding).
 25519 | D:15     | Reached skill level 6 in Throwing
 25561 | D:15     | Found a staircase to the Depths.
 25562 | D:15     | 25562 ||| INVOKING Heroism.
 25585 | D:15     | Received a gift from Okawaru
 25701 | D:15     | 25701 ||| PLANNING ORC
 25701 | D:15     | 25701 ||| READING 16 scrolls of identify.
 25701 | D:15     | 25701 ||| IDENTIFYING glowing clear potion
 25773 | Orc:1    | Entered Level 1 of the Orcish Mines
 25773 | Orc:1    | Found Ynorr's Magic Scroll Shop.
 25791 | Orc:1    | Found a transporter.
 25793 | Orc:1    | 25793 ||| Stepping ~*~*~tactically~*~*~ (hiding).
 25795 | Orc:1    | Found a transporter.
 25890 | Orc:1    | 25890 ||| Stepping ~*~*~tactically~*~*~ (stealth).
 25902 | Orc:1    | 25902 ||| Stepping ~*~*~tactically~*~*~ (stealth).
 25903 | Orc:1    | 25903 ||| Stepping ~*~*~tactically~*~*~ (stealth).
 25904 | Orc:1    | 25904 ||| Stepping ~*~*~tactically~*~*~ (stealth).
 25928 | Orc:1    | 25928 ||| BUYING scroll of acquirement (832 gold).
 25928 | Orc:1    | Bought a scroll of acquirement for 832 gold pieces
 25928 | Orc:1    | 25928 ||| BUYING scroll of enchant weapon (120 gold).
 25928 | Orc:1    | Bought a scroll of enchant weapon for 120 gold pieces
 25928 | Orc:1    | 25928 ||| BUYING scroll of teleportation (48 gold).
 25928 | Orc:1    | Bought a scroll of teleportation for 48 gold pieces
 25928 | Orc:1    | 25928 ||| BUYING scroll of teleportation (48 gold).
 25928 | Orc:1    | Bought a scroll of teleportation for 48 gold pieces
 25934 | Orc:1    | Noticed Rachuaq's ghost (adept GnSk)
 25945 | Orc:1    | Found a burning altar of Makhleb.
 25946 | Orc:1    | 25946 ||| READING scroll of acquirement.
 25946 | Orc:1    | 25946 ||| ACQUIRING +0 broad axe of flaming
 25946 | Orc:1    | Acquired a +0 broad axe of flaming
 25948 | Orc:1    | 25948 ||| DROPPING +1 eveningstar of holy wrath.
 25956 | Orc:1    | 25956 ||| INVOKING Heroism.
 25993 | Orc:1    | Found a bloodstained altar of Trog.
 26116 | Orc:1    | 26116 ||| INVOKING Heroism.
 26224 | Orc:2    | Entered Level 2 of the Orcish Mines
 26258 | Orc:2    | 26258 ||| STAIRDANCE
 26263 | Orc:2    | 26263 ||| STAIRDANCE
 26265 | Orc:1    | 26265 ||| INVOKING Heroism.
 26314 | Orc:2    | 26314 ||| STAIRDANCE
 26321 | Orc:2    | 26321 ||| STAIRDANCE
 26341 | Orc:2    | 26341 ||| INVOKING Heroism.
 26450 | Orc:2    | Found a staircase to the Elven Halls.
 26462 | Orc:2    | 26462 ||| Stepping ~*~*~tactically~*~*~ (stealth).
 26465 | Orc:2    | 26465 ||| Stepping ~*~*~tactically~*~*~ (stealth).
 26489 | Orc:2    | Found an iron altar of Okawaru.
 26501 | Orc:2    | 26501 ||| INVOKING Heroism.
 26547 | Orc:2    | 26547 ||| INVOKING Heroism.
 26599 | Orc:2    | Reached skill level 12 in Armour
 26599 | Orc:2    | 26599 ||| INVOKING Heroism.
 26633 | Orc:2    | 26633 ||| Stepping ~*~*~tactically~*~*~ (stealth).
 26634 | Orc:2    | 26634 ||| Stepping ~*~*~tactically~*~*~ (stealth).
 26635 | Orc:2    | 26635 ||| Stepping ~*~*~tactically~*~*~ (stealth).
 26636 | Orc:2    | 26636 ||| Stepping ~*~*~tactically~*~*~ (stealth).
 26638 | Orc:2    | Found Piodausy's Book Shoppe.
 26638 | Orc:2    | Found Moth's Antique Armour Boutique.
 26638 | Orc:2    | Found Inlot's Assorted Antiques.
 26639 | Orc:2    | 26639 ||| INVOKING Heroism.
 26655 | Orc:2    | 26655 ||| Stepping ~*~*~tactically~*~*~ (stealth).
 26688 | Orc:2    | 26688 ||| Stepping ~*~*~tactically~*~*~ (stealth).
 26758 | Orc:2    | 26758 ||| FLEEEEING.
 26759 | Orc:2    | 26759 ||| FLEEEEING.
 26760 | Orc:2    | 26760 ||| FLEEEEING.
 26761 | Orc:2    | 26761 ||| FLEEEEING.
 26762 | Orc:2    | 26762 ||| FLEEEEING.
 26771 | Orc:2    | 26771 ||| STAIRDANCE
 26873 | Orc:2    | 26873 ||| INVOKING Heroism.
 26878 | Orc:2    | 26878 ||| Stepping ~*~*~tactically~*~*~ (hiding).
 26986 | Orc:2    | Found Cunoday's Antique Weapon Emporium.
 26992 | Orc:2    | 26992 ||| BUYING glowing helmet (165 gold).
 26992 | Orc:2    | Bought a glowing helmet for 165 gold pieces
 26992 | Orc:2    | 26992 ||| BUYING shiny chain mail (165 gold).
 26992 | Orc:2    | Bought a shiny chain mail for 165 gold pieces
 27000 | Orc:2    | 27000 ||| BUYING potion of haste (340 gold).
 27000 | Orc:2    | Bought a potion of haste for 340 gold pieces
 27121 | Orc:2    | 27121 ||| Stepping ~*~*~tactically~*~*~ (hiding).
 27122 | Orc:2    | 27122 ||| Stepping ~*~*~tactically~*~*~ (hiding).
 27140 | Orc:2    | 27140 ||| Stepping ~*~*~tactically~*~*~ (stealth).
 27143 | Orc:2    | 27143 ||| Stepping ~*~*~tactically~*~*~ (hiding).
 27160 | Orc:2    | 27160 ||| Stepping ~*~*~tactically~*~*~ (hiding).
 27291 | Orc:2    | 27291 ||| DROPPING +2 helmet.
 27292 | Orc:2    | 27292 ||| DROPPING +1 chain mail of poison resistance.
 27356 | Orc:1    | 27356 ||| INVOKING Heroism.
 27482 | Orc:1    | 27482 ||| PLANNING SWAMP:1-3
 27615 | Swamp:1  | Entered Level 1 of the Swamp
 27793 | Swamp:1  | 27793 ||| INVOKING Heroism.
 27808 | Swamp:1  | 27808 ||| Stepping ~*~*~tactically~*~*~ (stealth).
 27830 | Swamp:1  | 27830 ||| Stepping ~*~*~tactically~*~*~ (hiding).
 27831 | Swamp:1  | 27831 ||| Stepping ~*~*~tactically~*~*~ (hiding).
 27904 | Swamp:1  | 27904 ||| Stepping ~*~*~tactically~*~*~ (hiding).
 27906 | Swamp:1  | 27906 ||| INVOKING Heroism.
 27920 | Swamp:1  | 27920 ||| INVOKING Heroism.
 28004 | Swamp:1  | 28004 ||| INVOKING Heroism.
 28005 | Swamp:1  | 28005 ||| SWAPPING to +0 broad axe of flaming.
 28012 | Swamp:1  | 28012 ||| SWAPPING to +8 broad axe of the Queen {vorpal,
                  | rPois}.
 28031 | Swamp:1  | 28031 ||| Stepping ~*~*~tactically~*~*~ (stealth).
 28032 | Swamp:1  | 28032 ||| Stepping ~*~*~tactically~*~*~ (stealth).
 28043 | Swamp:1  | 28043 ||| Stepping ~*~*~tactically~*~*~ (stealth).
 28044 | Swamp:1  | 28044 ||| Stepping ~*~*~tactically~*~*~ (stealth).
 28046 | Swamp:1  | 28046 ||| Stepping ~*~*~tactically~*~*~ (hiding).
 28173 | Swamp:1  | 28173 ||| Stepping ~*~*~tactically~*~*~ (hiding).
 28320 | Swamp:1  | 28320 ||| INVOKING Heroism.
 28321 | Swamp:1  | 28321 ||| INVOKING Finesse.
 28322 | Swamp:1  | 28322 ||| SWAPPING to +0 broad axe of flaming.
 28329 | Swamp:1  | Received a gift from Okawaru
 28330 | Swamp:1  | 28330 ||| SWAPPING to +8 broad axe of the Queen {vorpal,
                  | rPois}.
 28337 | Swamp:1  | 28337 ||| Stepping ~*~*~tactically~*~*~ (hiding).
 28418 | Swamp:1  | 28418 ||| Stepping ~*~*~tactically~*~*~ (hiding).
 28430 | Swamp:1  | Reached skill level 17 in Axes
 28630 | Swamp:1  | 28630 ||| READING 15 scrolls of identify.
 28630 | Swamp:1  | 28630 ||| IDENTIFYING fuming yellow potion
 28631 | Swamp:1  | 28631 ||| DROPPING potion of degeneration.
 28641 | Swamp:2  | Noticed Mlioglotl
 28641 | Swamp:2  | You are sucked into a shaft and drop 1 floor!
 28642 | Swamp:3  | 28642 ||| INVOKING Heroism.
 28665 | Swamp:3  | 28665 ||| INVOKING Heroism.
 28757 | Swamp:3  | 28757 ||| INVOKING Heroism.
 28924 | Swamp:3  | 28924 ||| INVOKING Heroism.
 29079 | Swamp:3  | 29079 ||| Stepping ~*~*~tactically~*~*~ (hiding).
 29081 | Swamp:3  | 29081 ||| INVOKING Heroism.
 29102 | Swamp:3  | 29102 ||| Stepping ~*~*~tactically~*~*~ (hiding).
 29156 | Swamp:3  | 29156 ||| Stepping ~*~*~tactically~*~*~ (stealth).
 29157 | Swamp:3  | 29157 ||| Stepping ~*~*~tactically~*~*~ (stealth).
 29158 | Swamp:3  | 29158 ||| Stepping ~*~*~tactically~*~*~ (stealth).
 29159 | Swamp:3  | 29159 ||| Stepping ~*~*~tactically~*~*~ (stealth).
 29188 | Swamp:3  | 29188 ||| Stepping ~*~*~tactically~*~*~ (stealth).
 29244 | Swamp:3  | 29244 ||| INVOKING Heroism.
 29251 | Swamp:3  | 29251 ||| Stepping ~*~*~tactically~*~*~ (stealth).
 29292 | Swamp:3  | 29292 ||| Stepping ~*~*~tactically~*~*~ (stealth).
 29295 | Swamp:3  | 29295 ||| Stepping ~*~*~tactically~*~*~ (stealth).
 29317 | Swamp:3  | 29317 ||| Stepping ~*~*~tactically~*~*~ (stealth).
 29350 | Swamp:3  | 29350 ||| Stepping ~*~*~tactically~*~*~ (stealth).
 29351 | Swamp:3  | 29351 ||| Stepping ~*~*~tactically~*~*~ (stealth).
 29354 | Swamp:3  | 29354 ||| INVOKING Heroism.
 29456 | Swamp:3  | 29456 ||| Stepping ~*~*~tactically~*~*~ (stealth).
 29660 | Swamp:3  | 29660 ||| Stepping ~*~*~tactically~*~*~ (hiding).
 29792 | Swamp:2  | 29792 ||| INVOKING Heroism.
 30067 | Swamp:2  | Received a gift from Okawaru
 30088 | Swamp:2  | 30088 ||| INVOKING Heroism.
 30093 | Swamp:2  | 30093 ||| INVOKING Finesse.
 30094 | Swamp:2  | 30094 ||| SWAPPING to +0 broad axe of flaming.
 30096 | Swamp:2  | 30096 ||| SWAPPING to +8 broad axe of the Queen {vorpal,
                  | rPois}.
 30099 | Swamp:2  | 30099 ||| SWAPPING to +0 broad axe of flaming.
 30101 | Swamp:2  | 30101 ||| SWAPPING to +8 broad axe of the Queen {vorpal,
                  | rPois}.
 30105 | Swamp:2  | 30105 ||| SWAPPING to +0 broad axe of flaming.
 30107 | Swamp:2  | 30107 ||| SWAPPING to +8 broad axe of the Queen {vorpal,
                  | rPois}.
 30111 | Swamp:2  | 30111 ||| SWAPPING to +0 broad axe of flaming.
 30113 | Swamp:2  | 30113 ||| SWAPPING to +8 broad axe of the Queen {vorpal,
                  | rPois}.
 30115 | Swamp:2  | 30115 ||| SWAPPING to +0 broad axe of flaming.
 30118 | Swamp:2  | 30118 ||| SWAPPING to +8 broad axe of the Queen {vorpal,
                  | rPois}.
 30120 | Swamp:2  | 30120 ||| SWAPPING to +0 broad axe of flaming.
 30123 | Swamp:2  | 30123 ||| SWAPPING to +8 broad axe of the Queen {vorpal,
                  | rPois}.
 30125 | Swamp:2  | Reached XP level 17. HP: 30/108 MP: 19/24
 30125 | Swamp:2  | 30125 ||| SWAPPING to +0 broad axe of flaming.
 30129 | Swamp:2  | 30129 ||| SWAPPING to +8 broad axe of the Queen {vorpal,
                  | rPois}.
 30244 | Swamp:2  | 30244 ||| FLEEEEING.
 30439 | Swamp:2  | 30439 ||| Stepping ~*~*~tactically~*~*~ (hiding).
 30440 | Swamp:2  | 30440 ||| Stepping ~*~*~tactically~*~*~ (hiding).
 30442 | Swamp:2  | 30442 ||| INVOKING Heroism.
 30511 | Swamp:2  | 30511 ||| INVOKING Heroism.
 30513 | Swamp:2  | 30513 ||| INVOKING Finesse.
 30514 | Swamp:2  | 30514 ||| INVOKING Finesse.
 30531 | Swamp:2  | Killed Mlioglotl
 30574 | Swamp:2  | Received a gift from Okawaru
 30582 | Swamp:2  | 30582 ||| INVOKING Heroism.
 30587 | Swamp:2  | Reached skill level 18 in Axes
 30590 | Swamp:2  | 30590 ||| Stepping ~*~*~tactically~*~*~ (hiding).
 30591 | Swamp:2  | 30591 ||| Stepping ~*~*~tactically~*~*~ (hiding).
 30621 | Swamp:2  | 30621 ||| FLEEEEING.
 30622 | Swamp:2  | 30622 ||| FLEEEEING.
 30623 | Swamp:2  | 30623 ||| STAIRDANCE
 30839 | Swamp:2  | 30839 ||| READING scroll of enchant armour.
 30839 | Swamp:2  | 30839 ||| ENCHANTING +0 pair of boots.
 30891 | Swamp:2  | 30891 ||| INVOKING Heroism.
 31235 | Swamp:3  | 31235 ||| Stepping ~*~*~tactically~*~*~ (hiding).
 31236 | Swamp:3  | 31236 ||| INVOKING Heroism.
 31528 | Swamp:3  | 31528 ||| PLANNING SPIDER:1-3
 31642 | Spider:1 | Entered Level 1 of the Spider Nest
 31654 | Spider:1 | 31654 ||| INVOKING Finesse.
 31765 | Spider:1 | 31765 ||| Stepping ~*~*~tactically~*~*~ (stealth).
 31846 | Spider:1 | 31846 ||| Stepping ~*~*~tactically~*~*~ (stealth).
 31876 | Spider:1 | 31876 ||| INVOKING Finesse.
 31879 | Spider:1 | 31879 ||| Stepping ~*~*~tactically~*~*~ (hiding).
 31880 | Spider:1 | 31880 ||| INVOKING Heroism.
 31928 | Spider:1 | Identified the +6 shortbow "Hinn" {venom, rC+}
 31953 | Spider:1 | 31953 ||| Stepping ~*~*~tactically~*~*~ (stealth).
 32000 | Spider:1 | 32000 ||| Stepping ~*~*~tactically~*~*~ (hiding).
 32002 | Spider:1 | 32002 ||| INVOKING Finesse.
 32072 | Spider:1 | 32072 ||| INVOKING Heroism.
 32095 | Spider:1 | Received a gift from Okawaru
 32191 | Spider:1 | 32191 ||| INVOKING Finesse.
 32193 | Spider:1 | 32193 ||| INVOKING Heroism.
 32277 | Spider:1 | 32277 ||| Stepping ~*~*~tactically~*~*~ (stealth).
 32279 | Spider:1 | 32279 ||| INVOKING Heroism.
 32310 | Spider:1 | 32310 ||| Stepping ~*~*~tactically~*~*~ (stealth).
 32311 | Spider:1 | 32311 ||| Stepping ~*~*~tactically~*~*~ (stealth).
 32329 | Spider:1 | 32329 ||| INVOKING Heroism.
 32813 | Spider:2 | 32813 ||| Stepping ~*~*~tactically~*~*~ (hiding).
 32949 | Spider:2 | Noticed Donald
 32950 | Spider:2 | 32950 ||| INVOKING Heroism.
 32951 | Spider:2 | 32951 ||| INVOKING Finesse.
 32967 | Spider:2 | Killed Donald
 33111 | Spider:2 | Noticed Arachne
 33112 | Spider:2 | 33112 ||| Stepping ~*~*~tactically~*~*~ (hiding).
 33114 | Spider:2 | 33114 ||| INVOKING Finesse.
 33133 | Spider:2 | Killed Arachne
 33199 | Spider:2 | 33199 ||| Stepping ~*~*~tactically~*~*~ (stealth).
 33213 | Spider:2 | 33213 ||| Stepping ~*~*~tactically~*~*~ (hiding).
 33216 | Spider:2 | 33216 ||| Stepping ~*~*~tactically~*~*~ (hiding).
 33217 | Spider:2 | 33217 ||| Stepping ~*~*~tactically~*~*~ (hiding).
 33218 | Spider:2 | 33218 ||| Stepping ~*~*~tactically~*~*~ (hiding).
 33223 | Spider:2 | 33223 ||| INVOKING Finesse.
 33257 | Spider:2 | 33257 ||| FLEEEEING.
 33258 | Spider:2 | 33258 ||| FLEEEEING.
 33259 | Spider:2 | 33259 ||| FLEEEEING.
 33260 | Spider:2 | 33260 ||| FLEEEEING.
 33261 | Spider:2 | 33261 ||| FLEEEEING.
 33263 | Spider:2 | 33263 ||| FLEEEEING.
 33296 | Spider:2 | 33296 ||| INVOKING Heroism.
 33351 | Spider:2 | 33351 ||| INVOKING Heroism.
 33352 | Spider:2 | 33352 ||| INVOKING Finesse.
 33365 | Spider:2 | Received a gift from Okawaru
 33692 | Spider:2 | 33692 ||| Stepping ~*~*~tactically~*~*~ (stealth).
 33696 | Spider:2 | 33696 ||| Stepping ~*~*~tactically~*~*~ (stealth).
 33733 | Spider:2 | 33733 ||| Stepping ~*~*~tactically~*~*~ (hiding).
 33737 | Spider:2 | 33737 ||| INVOKING Finesse.
 33852 | Spider:2 | 33852 ||| Stepping ~*~*~tactically~*~*~ (stealth).
 33858 | Spider:2 | 33858 ||| INVOKING Heroism.
 33862 | Spider:2 | 33862 ||| INVOKING Finesse.
 33918 | Spider:2 | 33918 ||| Stepping ~*~*~tactically~*~*~ (hiding).
 33925 | Spider:2 | 33925 ||| INVOKING Finesse.
 34072 | Spider:2 | 34072 ||| Stepping ~*~*~tactically~*~*~ (hiding).
 34073 | Spider:2 | 34073 ||| Stepping ~*~*~tactically~*~*~ (hiding).
 34248 | Spider:2 | 34248 ||| INVOKING Heroism.
 34267 | Spider:2 | Received a gift from Okawaru
 34561 | Spider:2 | 34561 ||| FLEEEEING.
 34564 | Spider:2 | 34564 ||| FLEEEEING.
 34565 | Spider:2 | 34565 ||| FLEEEEING.
 34567 | Spider:2 | 34567 ||| FLEEEEING.
 34568 | Spider:2 | 34568 ||| FLEEEEING.
 34572 | Spider:2 | 34572 ||| Stepping ~*~*~tactically~*~*~ (hiding).
 34879 | Spider:3 | 34879 ||| INVOKING Heroism.
 34921 | Spider:3 | Reached skill level 15 in Fighting
 34921 | Spider:3 | Reached XP level 18. HP: 93/119 MP: 0/25
 35009 | Spider:3 | 35009 ||| DROPPING +0 broad axe of flaming.
 35164 | Spider:3 | 35164 ||| INVOKING Heroism.
 35232 | Spider:3 | 35232 ||| INVOKING Heroism.
 35394 | Spider:3 | 35394 ||| Stepping ~*~*~tactically~*~*~ (hiding).
 35476 | Spider:3 | 35476 ||| Stepping ~*~*~tactically~*~*~ (stealth).
 35490 | Spider:3 | 35490 ||| Stepping ~*~*~tactically~*~*~ (stealth).
 35491 | Spider:3 | 35491 ||| INVOKING Heroism.
 35584 | Spider:3 | 35584 ||| Stepping ~*~*~tactically~*~*~ (stealth).
 35585 | Spider:3 | 35585 ||| INVOKING Finesse.
 35978 | Spider:3 | Identified the +12 war axe of Seicud {vorpal, Will+ Str+4}
                  | (Okawaru gifted it to you on level 3 of the Spider Nest)
 35978 | Spider:3 | Received a gift from Okawaru
 35988 | Spider:3 | 35988 ||| FLEEEEING.
 35989 | Spider:3 | 35989 ||| FLEEEEING.
 35990 | Spider:3 | 35990 ||| FLEEEEING.
 35991 | Spider:3 | 35991 ||| FLEEEEING.
 35992 | Spider:3 | 35992 ||| FLEEEEING.
 36011 | Spider:3 | 36011 ||| SWAPPING to +12 war axe of Seicud {vorpal, Will+
                  | Str+4}.
 36152 | Spider:3 | 36152 ||| PLANNING SWAMP:4
 36313 | Swamp:4  | Entered Level 4 of the Swamp
 36314 | Swamp:4  | 36314 ||| INVOKING Heroism.
 36316 | Swamp:4  | 36316 ||| STAIRDANCE
 36398 | Swamp:4  | 36398 ||| STAIRDANCE
 36475 | Swamp:4  | 36475 ||| STAIRDANCE
 36481 | Swamp:4  | 36481 ||| STAIRDANCE
 36495 | Swamp:4  | 36495 ||| Stepping ~*~*~tactically~*~*~ (cloud).
 36633 | Swamp:4  | 36633 ||| INVOKING Heroism.
 36702 | Swamp:4  | 36702 ||| FLEEEEING.
 36704 | Swamp:4  | 36704 ||| STAIRDANCE
 36808 | Swamp:4  | 36808 ||| INVOKING Heroism.
 36827 | Swamp:4  | Reached skill level 15 in Shields
 36947 | Swamp:4  | 36947 ||| Stepping ~*~*~tactically~*~*~ (hiding).
 36949 | Swamp:4  | 36949 ||| Stepping ~*~*~tactically~*~*~ (hiding).
 36951 | Swamp:4  | 36951 ||| Stepping ~*~*~tactically~*~*~ (hiding).
 36954 | Swamp:4  | 36954 ||| INVOKING Heroism.
 36955 | Swamp:4  | 36955 ||| INVOKING Finesse.
 37091 | Swamp:4  | 37091 ||| INVOKING Heroism.
 37108 | Swamp:4  | 37108 ||| Stepping ~*~*~tactically~*~*~ (stealth).
 37113 | Swamp:4  | 37113 ||| Stepping ~*~*~tactically~*~*~ (stealth).
 37114 | Swamp:4  | 37114 ||| Stepping ~*~*~tactically~*~*~ (stealth).
 37135 | Swamp:4  | 37135 ||| INVOKING Heroism.
 37150 | Swamp:4  | 37150 ||| Stepping ~*~*~tactically~*~*~ (stealth).
 37155 | Swamp:4  | 37155 ||| Stepping ~*~*~tactically~*~*~ (stealth).
 37156 | Swamp:4  | 37156 ||| Stepping ~*~*~tactically~*~*~ (stealth).
 37157 | Swamp:4  | 37157 ||| Stepping ~*~*~tactically~*~*~ (stealth).
 37158 | Swamp:4  | 37158 ||| Stepping ~*~*~tactically~*~*~ (stealth).
 37166 | Swamp:4  | 37166 ||| INVOKING Heroism.
 37256 | Swamp:4  | 37256 ||| Stepping ~*~*~tactically~*~*~ (stealth).
 37270 | Swamp:4  | 37270 ||| INVOKING Heroism.
 37280 | Swamp:4  | 37280 ||| Stepping ~*~*~tactically~*~*~ (stealth).
 37354 | Swamp:4  | 37354 ||| FLEEEEING.
 37355 | Swamp:4  | 37355 ||| FLEEEEING.
 37356 | Swamp:4  | 37356 ||| FLEEEEING.
 37357 | Swamp:4  | 37357 ||| INVOKING Heroism.
 37380 | Swamp:4  | 37380 ||| Stepping ~*~*~tactically~*~*~ (stealth).
 37414 | Swamp:4  | 37414 ||| INVOKING Heroism.
 37438 | Swamp:4  | Identified the +0 ring mail of Sif Muna's Whim {Dex+6}
 37442 | Swamp:4  | 37442 ||| INVOKING Heroism.
 37449 | Swamp:4  | 37449 ||| Stepping ~*~*~tactically~*~*~ (stealth).
 37452 | Swamp:4  | 37452 ||| Stepping ~*~*~tactically~*~*~ (hiding).
 37454 | Swamp:4  | 37454 ||| Stepping ~*~*~tactically~*~*~ (hiding).
 37504 | Swamp:4  | 37504 ||| Stepping ~*~*~tactically~*~*~ (stealth).
 37505 | Swamp:4  | 37505 ||| Stepping ~*~*~tactically~*~*~ (stealth).
 37506 | Swamp:4  | 37506 ||| Stepping ~*~*~tactically~*~*~ (stealth).
 37507 | Swamp:4  | 37507 ||| Stepping ~*~*~tactically~*~*~ (stealth).
 37510 | Swamp:4  | 37510 ||| INVOKING Heroism.
 37533 | Swamp:4  | 37533 ||| Stepping ~*~*~tactically~*~*~ (stealth).
 37547 | Swamp:4  | 37547 ||| INVOKING Heroism.
 37554 | Swamp:4  | Received a gift from Okawaru
 37579 | Swamp:4  | 37579 ||| INVOKING Heroism.
 37580 | Swamp:4  | 37580 ||| INVOKING Finesse.
 37592 | Swamp:4  | HP: 25/120 [thorn hunter/volley of thorns (19)]
 37593 | Swamp:4  | 37593 ||| READING 13 scrolls of teleportation.
 37594 | Swamp:4  | 37594 ||| DRINKING 2 potions of heal wounds.
 37890 | Swamp:4  | 37890 ||| INVOKING Heroism.
 37899 | Swamp:4  | HP: 27/120 [constriction (15)]
 37900 | Swamp:4  | 37900 ||| READING 12 scrolls of teleportation.
 37900 | Swamp:4  | HP: 10/120 [spriggan druid/angry trees (9)]
 37900 | Swamp:4  | Constricted to death by a shambling mangrove

Levels and vault maps discovered:
D:1:      dpeg_arrival_rooms_a, layout_loops_corners, minivault_23, minivault_4,
          nicolae_concentric_dashed_squares_mild, minivault_4, chequers_garden
D:2:      layout_loops_ring, shapermc_ecumenical_altar_ellora,
          chequers_serial_rivers_micro_a, uniq_jessica, uniq_terence,
          uniq_crazy_yiuf_cottage
D:3:      layout_basic, lemuel_doored_altar, kennysheep_vampire_church,
          uniq_sigmund, uniq_natasha
D:4:      layout_layer_cave, nicolae_elyvilon_temple_path,
          minmay_temple_entry_tees, hex_tiny
D:5:      layout_loops_cross, nicolae_uskayaw_suspiria, minmay_misc_feat_five,
          nicolae_concentric_dashed_squares_wild, minivault_23,
          serial_bayou_crossing, uniq_menkaure
D:6:      layout_loops_ring, vehumet_crystals, kennysheep_mini,
          mainiacjoe_overflow_swirl, minmay_manual_mail
D:7:      layout_loops_cross, uniq_duvessa
D:8:      layout_loops_cross, minitemple, minivault_24
D:9:      layout_roguey, kennysheep_another_room, uniq_amaemon
D:10:     layout_stronghold, serial_shops, nicolae_shop_hallway_plus, shop,
          grunt_livestock, hangedman_abyss_or_decor_slice, grunt_decor_cap,
          uniq_urug
D:11:     layout_cave_pools, dpeg_oklobed_lair, minmay_orc_entry_guard_dogs,
          serial_co_window_serial, co_window_paths_b,
          co_window_of_opportunity_a, co_window_paths_a,
          co_window_of_opportunity_a, co_window_of_opportunity_a,
          co_window_corner_a, co_window_paths_b, co_window_broadway_c,
          co_window_broadway_a, co_window_2corner, co_window_2corner,
          co_window_of_opportunity_b
D:12:     layout_rooms
D:13:     layout_loops_corners
D:14:     layout_cave_pools, grunt_vaults_entry_tiered,
          nicolae_dithmenos_through_a_glass_darkly, uniq_josephine
D:15:     grunt_enter_depths_magical_seal, layout_cave_pools,
          gammafunk_ghost_split
Temple:   dpeg_chambers_temple
Lair:1:   layout_regular_city, portal_ice_cave_entry_pillars_2,
          grunt_megastairs_4
Lair:2:   layout_gridlike, minmay_swamp_entry_worms,
          chequers_serial_rivers_micro_a, chequers_serial_rivers_marsh,
          grunt_megastairs_5
Lair:3:   layout_loops_ring, hellmonk_spider_entry_not_the_bees,
          gauntlet_entry_generic, pf_torpor_hydra
Lair:4:   lemuel_reptile_caves, layout_gridlike, uniq_kirke
Lair:5:   guppyfry_lair_end_dragon, layout_small_grid,
          hangedman_lair_caniforms_friends, dpeg_slime_entry_corner,
          lightli_volcano_entry_magma_tube, infiniplex_staircase_pool,
          grunt_megastairs_3, serial_bayou_shore_a, uniq_snorg
Swamp:1:  layout_basic_swamp, nicolae_swamp_triple_paths,
          infiniplex_staircase_pool_2
Swamp:2:  layout_basic_swamp, nicolae_swamp_round_clearing, swamp_pool1,
          nicolae_swamp_oxbows, uniq_mlioglotl
Swamp:3:  nicolae_swamp_wrong_neighborhood, layout_falls_marsh,
          evilmike_swamp_ruin_house_4, swamp_pool5, nzn_swamp_blast_mining
Swamp:4:  byrel_swamp_growth_death_and_undeath, layout_basic_swamp, swamp_pool4
Spider:1: layout_spider_delve, nicolae_spider_nooks_and_crannies
Spider:2: nicolae_spider_hilbert_zone_2 [nicolae_spider_hilbert_4_sides_1_open,
          nicolae_spider_hilbert_4_sides_1_open,
          nicolae_spider_hilbert_4_sides_1_open,
          nicolae_spider_hilbert_4_sides_1_open,
          nicolae_spider_hilbert_6_sides_1_open,
          nicolae_spider_hilbert_6_sides_1_open,
          nicolae_spider_hilbert_3_sides_1_open,
          nicolae_spider_hilbert_3_sides_1_open,
          nicolae_spider_hilbert_3_sides_1_open,
          nicolae_spider_hilbert_3_sides_1_open,
          nicolae_spider_hilbert_6_sides_1_open,
          nicolae_spider_hilbert_6_sides_1_open,
          nicolae_spider_hilbert_6_sides_1_open,
          nicolae_spider_hilbert_6_sides_1_open], uniq_arachne, uniq_donald
Spider:3: layout_cave_pods
Orc:1:    layout_caves, serial_shops, nicolae_shop_hallway_stairs, basic_altar,
          gammafunk_ghost_wrathful_warriors
Orc:2:    st_orc_rangers, layout_caves, basic_altar, okawaru_metal_pillars_1_2

Skill      XL: |  1  2  3  4  5  6  7  8  9 10 11 12 13 14 15 16 17 18 |
---------------+-------------------------------------------------------+-----
Axes           | 2 3 5 6 7 9 10 11 12 14 15 16 17 18 | 18.0
Dodging        | 1 2 3 4 5 6 |  6.0
Fighting       | 4 6 8 9 10 12 13 15 16 | 16.0
Shields        | 4 8 10 11 12 13 14 15 | 15.0
Armour         | 4 5 6 7 8 9 12 13 14 | 14.2
Invocations    | 4 5 9 10 | 10.0
Throwing       | 3 5 7 8 |  8.5

Action                   |  1- 3 |  4- 6 |  7- 9 | 10-12 | 13-15 | 16-18 || total
-------------------------+-------+-------+-------+-------+-------+-------++-------
Melee: War axe           |    95 |   105 |   309 |    74 |       |   198 ||   781
       Broad axe         |       |       |       |   279 |   956 |  1102 ||  2337
       Eveningstar       |       |       |       |    14 |    20 |       ||    34
Throw: Javelin           |       |       |       |    39 |    51 |   150 ||   240
       Boomerang         |       |       |       |       |    95 |    54 ||   149
Invok: Heroism           |       |       |       |    27 |    48 |    61 ||   136
       Finesse           |       |       |       |     2 |    11 |    17 ||    30
  Use: Scroll            |     4 |     4 |    11 |     6 |     8 |     8 ||    41
       Potion            |       |     1 |     1 |     1 |     3 |     1 ||     7
 Stab: Distracted        |       |       |       |       |       |     1 ||     1
       Confused          |       |       |       |       |       |     1 ||     1
Armor: Scale mail        |    60 |    67 |   118 |   113 |   320 |       ||   678
       Plate armour      |       |       |       |       |    11 |   595 ||   606
Dodge: Dodged            |    49 |    44 |   101 |   114 |   282 |   278 ||   868
Block: Buckler           |    25 |    26 |   176 |    39 |       |       ||   266
       Reflection        |       |       |     8 |     8 |    10 |    69 ||    95
       Kite shield       |       |       |       |   201 |   729 |  1020 ||  1950

Table legend:
 A = Non-vault XP
 B = Vault XP
 C = Vault XP percentage of total XP
 D = Non-vault monster count
 E = Vault monster count
 F = Vault count percentage of total count
                 A         B        C        D         E       F
            +---------+---------+-------+---------+---------+-------
      Total |  193266 |   98798 |  33.8 |     734 |     311 |  29.8
            +---------+---------+-------+---------+---------+-------
        D:1 |      35 |       0 |   0.0 |      22 |       0 |   0.0
        D:2 |      13 |      69 |  84.1 |       7 |       2 |  22.2
        D:3 |     254 |     307 |  54.7 |      33 |       8 |  19.5
        D:4 |     169 |       0 |   0.0 |      18 |       0 |   0.0
        D:5 |     523 |     172 |  24.7 |      22 |       1 |   4.3
        D:6 |     250 |    1034 |  80.5 |       9 |       4 |  30.8
        D:7 |     955 |     211 |  18.1 |      11 |       2 |  15.4
        D:8 |     971 |       0 |   0.0 |      17 |       0 |   0.0
        D:9 |    1753 |    2156 |  55.2 |      20 |       7 |  25.9
       D:10 |     844 |     782 |  48.1 |       5 |       1 |  16.7
       D:11 |    3995 |     486 |  10.8 |      17 |       3 |  15.0
       D:12 |    9064 |       0 |   0.0 |      27 |       0 |   0.0
       D:13 |    6307 |       0 |   0.0 |      19 |       0 |   0.0
       D:14 |   10111 |    9176 |  47.6 |      16 |      30 |  65.2
       D:15 |   10478 |    4430 |  29.7 |      23 |      10 |  30.3
     Lair:1 |    8113 |     952 |  10.5 |      37 |       6 |  14.0
     Lair:2 |    2768 |    5739 |  67.5 |      10 |      10 |  50.0
     Lair:3 |   10559 |     550 |   5.0 |      37 |       5 |  11.9
     Lair:4 |    6553 |    7815 |  54.4 |      21 |      42 |  66.7
     Lair:5 |    8279 |   15029 |  64.5 |      36 |      70 |  66.0
    Swamp:1 |    9561 |       0 |   0.0 |      26 |       0 |   0.0
    Swamp:2 |   18503 |    1764 |   8.7 |      38 |       1 |   2.6
    Swamp:3 |   12467 |    4846 |  28.0 |      29 |      12 |  29.3
    Swamp:4 |   13086 |   15817 |  54.7 |      20 |      30 |  60.0
   Spider:1 |   18144 |    2001 |   9.9 |      53 |       4 |   7.0
   Spider:2 |    8119 |   17461 |  68.3 |      20 |      22 |  52.4
   Spider:3 |   18692 |       0 |   0.0 |      48 |       0 |   0.0
      Orc:1 |    3103 |       0 |   0.0 |      51 |       0 |   0.0
      Orc:2 |    3624 |    5986 |  62.3 |      28 |      37 |  56.9
    Abyss:2 |    5973 |       0 |   0.0 |      14 |       0 |   0.0
   Gauntlet |       0 |    2015 | 100.0 |       0 |       4 | 100.0
            +---------+---------+-------+---------+---------+-------
